Workbook

Sheet СР-09-02
A1: =Source!B1 -> Smeta.RU (495) 974-1589
K2: Форма № 4б
A3: 25МГ-ДПР-2750 — Реконструкция газопровода низкого давления. Перевозка и приём порубочных остатков
A4: (наименование стройки и/или объекта)
A6: =CONCATENATE( "ЛОКАЛЬНАЯ СМЕТА № " ,IF(Source!F12<>"Новый объект", Source!F12, "")) -> ЛОКАЛЬНАЯ СМЕТА № СР-09-02
A9: (наименование работ и затрат)
A11: =CONCATENATE( "Основание: чертежи № " , Source!J12) -> Основание: чертежи № Том 6.2 ООС2, Том 6.3 ООС3 (18.09)
I13: В базисном уровне цен | J13: В текущем уровне цен
E14: Сметная стоимость | I14: =I15+I16+I17+I18 -> 2.76 | J14: =J15+J16+J17+J18 -> 39.61 | K14: тыс.руб.
E15: Строительные работы | I15: =ROUND((Source!F151)/1000, 2) -> 0 | J15: =ROUND((Source!P151)/1000, 2) -> 0 | K15: тыс.руб.
E16: Работы по монтажу оборудования | I16: =ROUND((Source!F152)/1000, 2) -> 0 | J16: =ROUND((Source!P152)/1000, 2) -> 0 | K16: тыс.руб.
E17: Оборудование | I17: =ROUND((Source!F143)/1000, 2) -> 0 | J17: =ROUND((Source!P143)/1000, 2) -> 0 | K17: тыс.руб.
E18: Прочие работы и затраты | I18: =ROUND((Source!F153+Source!F154)/1000, 2) -> 2.76 | J18: =ROUND((Source!P153+Source!P154)/1000, 2) -> 39.61 | K18: тыс.руб.
E19: Средства на оплату труда | I19: =(Source!F149+ Source!F148)/1000 -> 0 | J19: =((Source!P149 + Source!P148)/1000) -> 0 | K19: тыс.руб.
E20: Затраты труда | I20: =Source!F156 -> 0 | K20: чел.-ч.
E21: Кроме того:
E22: Возврат материалов | I22: =SUM(Y1:Y80)/1000 -> 0 | J22: =SUM(Z1:Z80)/1000 -> 0 | K22: тыс.руб.
A24: Составлен(а) по ТСН-2001 с учетом Дополнения №: 82
A25: № и период сборника коэффициентов (индексов) пересчета: Текущий уровень цен, III квартал 2026, выпуск 221 | AP25: № и период сборника коэффициентов (индексов) пересчета: Текущий уровень цен, III квартал 2026, выпуск 221
A26: № п/п | B26: Шифр расценки и коды ресурсов | C26: Наименование работ и затрат | D26: Ед. изм. | E26: Кол-во единиц | F26: Цена на ед. изм., руб. | G26: Попра- вочные коэффи- циенты | H26: Коэффи- циенты зимних удорожа- ний | I26: Всего в ценах на Январь 2000 года, руб. | J26: Коэффи- циенты (индек- сы) пере- счета, нормы НР и СП | K26: ВСЕГО затрат в текущем уровне цен, руб.
A27: 1 | B27: 2 | C27: 3 | D27: 4 | E27: 5 | F27: 6 | G27: 7 | H27: 8 | I27: 9 | J27: 10 | K27: 11
A29: =CONCATENATE("Локальная смета: ",IF(Source!G20<>"Новая локальная смета", Source!G20, "")) -> Локальная смета: Перевозка и приём порубочных остатков
A31: =CONCATENATE("Раздел: ",IF(Source!G24<>"Новый раздел", Source!G24, "")) -> Раздел: Перевозка и приём порубочных остатков
A32: 1 | B32: =Source!F28 -> 15.2-30-42 | C32: Перевозка строительного мусора на расстояние до 30 км автосамосвалами грузоподъемностью до 10 т | D32: =Source!H28 -> т | E32: =Source!I28 -> 25.57 | Q32: =Source!X28 -> 0 | R32: =Source!X29 -> 0 | S32: =Source!Y28 -> 0 | T32: =Source!Y29 -> 0 | U32: =ROUND((175/100)*ROUND(Source!R28, 2), 2) -> 0 | V32: =ROUND((0/100)*ROUND(Source!R29, 2), 2) -> 0 | AC32: 0
C33: ЭМ | F33: =Source!AM28 -> 38.08 | G33: 1,5 | H33: =Source!AV29 -> 1 | I33: =Source!Q28 -> 1460.56 | J33: =IF(Source!BB29<> 0, Source!BB29, 1) -> 18.93 | K33: =Source!Q29 -> 27648.37
C34: ВСЕГО работ по позиции: | H34: =I33+0-0-0 -> 1460.56 | J34: =K33+0-0-0 -> 27648.37
C35: ВСЕГО оборудование по позиции: | H35: =0+0 -> 0 | J35: =0+0 -> 0
C36: ВСЕГО по позиции: | H36: =I33+0 -> 1460.56 | J36: =K33+0 -> 27648.37 | O36: =I33+0 -> 1460.56 | P36: =K33+0 -> 27648.37
A38: 2 | B38: =Source!F30 -> 15.1-1503-01 | C38: Отходы сучьев, ветвей, вершинок от лесоразработок, практически неопасные | D38: =Source!H30 -> 1 Т | E38: =Source!I30 -> 1.92 | Q38: =Source!X30 -> 0 | R38: =Source!X31 -> 0 | S38: =Source!Y30 -> 0 | T38: =Source!Y31 -> 0 | U38: =ROUND((175/100)*ROUND(Source!R30, 2), 2) -> 0 | V38: =ROUND((0/100)*ROUND(Source!R31, 2), 2) -> 0 | AC38: 0
C39: ЭМ | F39: =Source!AM30 -> 94.47 | H39: =Source!AV31 -> 1 | I39: =Source!Q30 -> 181.38 | J39: =IF(Source!BB31<> 0, Source!BB31, 1) -> 5.02 | K39: =Source!Q31 -> 910.54
C40: ВСЕГО работ по позиции: | H40: =I39+0-0-0 -> 181.38 | J40: =K39+0-0-0 -> 910.54
C41: ВСЕГО оборудование по позиции: | H41: =0+0 -> 0 | J41: =0+0 -> 0
C42: ВСЕГО по позиции: | H42: =I39+0 -> 181.38 | J42: =K39+0 -> 910.54 | O42: =I39+0 -> 181.38 | P42: =K39+0 -> 910.54
A44: 3 | B44: =Source!F32 -> 15.1-1503-05 | C44: Отходы малоценной древесины (хворост, валежник, обломки стволов) | D44: =Source!H32 -> 1 Т | E44: =Source!I32 -> 23.65 | Q44: =Source!X32 -> 0 | R44: =Source!X33 -> 0 | S44: =Source!Y32 -> 0 | T44: =Source!Y33 -> 0 | U44: =ROUND((175/100)*ROUND(Source!R32, 2), 2) -> 0 | V44: =ROUND((0/100)*ROUND(Source!R33, 2), 2) -> 0 | AC44: 0
C45: ЭМ | F45: =Source!AM32 -> 29.07 | H45: =Source!AV33 -> 1 | I45: =Source!Q32 -> 687.51 | J45: =IF(Source!BB33<> 0, Source!BB33, 1) -> 10.25 | K45: =Source!Q33 -> 7046.93
C46: ВСЕГО работ по позиции: | H46: =I45+0-0-0 -> 687.51 | J46: =K45+0-0-0 -> 7046.93
C47: ВСЕГО оборудование по позиции: | H47: =0+0 -> 0 | J47: =0+0 -> 0
C48: ВСЕГО по позиции: | H48: =I45+0 -> 687.51 | J48: =K45+0 -> 7046.93 | O48: =I45+0 -> 687.51 | P48: =K45+0 -> 7046.93
A51: =CONCATENATE("Итого по разделу: ",IF(Source!G35<>"Новый раздел", Source!G35, "")) -> Итого по разделу: Перевозка и приём порубочных остатков | I51: =SUM(O31:O50) -> 2329.45 | J51: =SUM(P31:P50) -> 35605.84
A52: Итого по ТСН-2001.16 | I52: =SUM(W31:W51) -> 0 | J52: =SUM(X31:X51) -> 0
A53: Итого возвратных сумм | I53: =SUM(Y31:Y52) -> 0 | J53: =SUM(Z31:Z52) -> 0
A55: =CONCATENATE("Раздел: ",IF(Source!G65<>"Новый раздел", Source!G65, "")) -> Раздел: Перевозка и приём отходов корчевания пней
A56: 4 | B56: =Source!F69 -> 15.2-30-42 | C56: Перевозка строительного мусора на расстояние до 30 км автосамосвалами грузоподъемностью до 10 т | D56: =Source!H69 -> т | E56: =Source!I69 -> 3.35 | Q56: =Source!X69 -> 0 | R56: =Source!X70 -> 0 | S56: =Source!Y69 -> 0 | T56: =Source!Y70 -> 0 | U56: =ROUND((175/100)*ROUND(Source!R69, 2), 2) -> 0 | V56: =ROUND((0/100)*ROUND(Source!R70, 2), 2) -> 0 | AC56: 0
C57: ЭМ | F57: =Source!AM69 -> 38.08 | H57: =Source!AV70 -> 1 | I57: =Source!Q69 -> 127.57 | J57: =IF(Source!BB70<> 0, Source!BB70, 1) -> 18.93 | K57: =Source!Q70 -> 2414.86
C58: ВСЕГО работ по позиции: | H58: =I57+0-0-0 -> 127.57 | J58: =K57+0-0-0 -> 2414.86
C59: ВСЕГО оборудование по позиции: | H59: =0+0 -> 0 | J59: =0+0 -> 0
C60: ВСЕГО по позиции: | H60: =I57+0 -> 127.57 | J60: =K57+0 -> 2414.86 | O60: =I57+0 -> 127.57 | P60: =K57+0 -> 2414.86
A62: 5 | B62: =Source!F71 -> 15.1-1503-02 | C62: Отходы корчевания пней практически неопасные | D62: =Source!H71 -> 1 Т | E62: =Source!I71 -> 3.35 | Q62: =Source!X71 -> 0 | R62: =Source!X72 -> 0 | S62: =Source!Y71 -> 0 | T62: =Source!Y72 -> 0 | U62: =ROUND((175/100)*ROUND(Source!R71, 2), 2) -> 0 | V62: =ROUND((0/100)*ROUND(Source!R72, 2), 2) -> 0 | AC62: 0
C63: ЭМ | F63: =Source!AM71 -> 89.56 | H63: =Source!AV72 -> 1 | I63: =Source!Q71 -> 300.03 | J63: =IF(Source!BB72<> 0, Source!BB72, 1) -> 5.31 | K63: =Source!Q72 -> 1593.14
C64: ВСЕГО работ по позиции: | H64: =I63+0-0-0 -> 300.03 | J64: =K63+0-0-0 -> 1593.14
C65: ВСЕГО оборудование по позиции: | H65: =0+0 -> 0 | J65: =0+0 -> 0
C66: ВСЕГО по позиции: | H66: =I63+0 -> 300.03 | J66: =K63+0 -> 1593.14 | O66: =I63+0 -> 300.03 | P66: =K63+0 -> 1593.14
A69: =CONCATENATE("Итого по разделу: ",IF(Source!G74<>"Новый раздел", Source!G74, "")) -> Итого по разделу: Перевозка и приём отходов корчевания пней | I69: =SUM(O55:O68) -> 427.6 | J69: =SUM(P55:P68) -> 4008
A70: Итого по ТСН-2001.16 | I70: =SUM(W55:W69) -> 0 | J70: =SUM(X55:X69) -> 0
A71: Итого возвратных сумм | I71: =SUM(Y55:Y70) -> 0 | J71: =SUM(Z55:Z70) -> 0
A73: =CONCATENATE("Итого по локальной смете: ",IF(Source!G104<>"Новая локальная смета", Source!G104, "")) -> Итого по локальной смете: Перевозка и приём порубочных остатков | I73: =SUM(O29:O72) -> 2757.05 | J73: =SUM(P29:P72) -> 39613.84
A74: Итого по ТСН-2001.16 | I74: =SUM(W29:W73) -> 0 | J74: =SUM(X29:X73) -> 0
A75: Итого возвратных сумм | I75: =SUM(Y29:Y74) -> 0 | J75: =SUM(Z29:Z74) -> 0
C76: =Source!H114 -> Стоимость оборудования заказчика | H76: =Source!F114 -> 0 | J76: =Source!P114 -> 0
A78: =CONCATENATE("Итого по смете: ",IF(Source!G134<>"Новый объект", Source!G134, "")) -> Итого по смете: Перевозка и приём порубочных остатков | I78: =SUM(O1:O77) -> 2757.05 | J78: =SUM(P1:P77) -> 39613.84
A79: Итого по ТСН-2001.16 | I79: =SUM(W1:W78) -> 0 | J79: =SUM(X1:X78) -> 0
A80: Итого возвратных сумм | I80: =SUM(Y1:Y79) -> 0 | J80: =SUM(Z1:Z79) -> 0
A83: Составил | C83: =IF(Source!AC12<>"", Source!AC12," ") | H83: =IF(Source!AB12<>"", Source!AB12," ")
C84: (должность, подпись, инициалы, фамилия)
A86: Проверил | C86: =IF(Source!AE12<>"", Source!AE12," ") | H86: =IF(Source!AD12<>"", Source!AD12," ")
C87: (должность, подпись, инициалы, фамилия)

Sheet Source
A1: 0 | B1: Smeta.RU (495) 974-1589 | D1: _PS_ | F1: 0 | G1: 0 | H1: 0 | I1: Smeta.RU | K1: 1 | L1: 76812 | M1: 10 | N1: 12 | O1: 2 | P1: 0 | Q1: 1
A4: 8 | B4: 1 | C4: -1 | F4: 25МГ-ДПР-2750 | G4: 25МГ-ДПР-2750 — Реконструкция газопровода низкого давления | EC4: 0
A12: 1 | B12: 169 | C12: 0 | D12: =ROW(A134) -> 134 | E12: 0 | F12: СР-09-02 | G12: Перевозка и приём порубочных остатков | I12: 0 | J12: Том 6.2 ООС2, Том 6.3 ООС3 (18.09) | K12: 0 | L12: 0 | M12: 2 | O12: 2026 | P12: 7 | Q12: 0 | R12: 0 | S12: 0 | T12: 1 | U12: Основание:Том 6.2 ООС2, Том 6.3 ООС3 (18.09) Уровень цен:3 кв 2026 Нормативные индексы ТСН:№ 221 III квартал 2026 Регион:ТСН-2001 г. Москвы (с доп.1-82) | V12: 9 | BB12: 0 | BH12: Сметные нормы списания | BI12: Коды ОКП для ТСН-2001 МГЭ | BJ12: 1 | BK12: 1 | BL12: 0 | BM12: 0 | BN12: 1 | BO12: 0 | BP12: -1 | BQ12: 2 | BR12: 1 | BS12: 0 | BT12: 0 | BU12: 0 | BV12: 0 | BW12: 0 | BX12: 0 | BZ12: Типовой расчет для ТСН-2001 МГЭ, Новая методика с выпуска доп. 43 (Строительство), Доп 64 | CA12: Территориальные сметные нормативы для Москвы ТСН-2001 (МГЭ) | CB12: Территориальные сметные нормативы для Москвы ТСН-2001 (МГЭ) | CC12: Территориальные сметные нормативы для Москвы ТСН-2001 (МГЭ) | CD12: Территориальные сметные нормативы для Москвы ТСН-2001 (МГЭ) | CE12: Поправки для ТСН-2001 от 15.07.2022 г. доп.65 | CF12: 0 | CG12: 0 | CH12: 524296 | CK12: 82 | CQ12: Территориальные сметные нормативы для Москвы (ТСН-2001) | CR12: ТЕР | CS12: 41660 | CT12: 1 | CU12: 72 | CY12: 0 | EC12: 0
A15: 15 | B15: 1
A18: 52 | B18: =B134 -> 169 | C18: =C134 -> 1 | D18: =D134 -> 12 | E18: =E134 -> 0 | F18: =F134 -> СР-09-02 | G18: =G134 -> Перевозка и приём порубочных остатков | O18: =O134 -> 2757.05 | P18: =P134 -> 0 | Q18: =Q134 -> 2757.05 | R18: =R134 -> 0 | S18: =S134 -> 0 | T18: =T134 -> 0 | U18: =U134 -> 0 | V18: =V134 -> 0 | ... GX18: =GX134 -> 0
A20: 3 | B20: 1 | D20: =ROW(A104) -> 104 | F20: СР-09-02 | G20: Перевозка и приём порубочных остатков | I20: 0 | K20: 0 | L20: СР-09-02 | S20: 0 | T20: 0 | U20: Перевозка и приём порубочных остатков | V20: 9 | BX20: 0 | CF20: 0 | CG20: 0
A22: 52 | B22: =B104 -> 1 | C22: =C104 -> 3 | D22: =D104 -> 20 | E22: =E104 -> 0 | F22: =F104 -> СР-09-02 | G22: =G104 -> Перевозка и приём порубочных остатков | O22: =O104 -> 2757.05 | P22: =P104 -> 0 | Q22: =Q104 -> 2757.05 | R22: =R104 -> 0 | S22: =S104 -> 0 | T22: =T104 -> 0 | U22: =U104 -> 0 | V22: =V104 -> 0 | ... GX22: =GX104 -> 0
A24: 4 | B24: 1 | D24: =ROW(A35) -> 35 | F24: 1 | G24: Перевозка и приём порубочных остатков | I24: 0 | K24: -1 | S24: 0 | T24: 0 | V24: 9 | BX24: 0 | CJ24: 0
A26: 52 | B26: =B35 -> 1 | C26: =C35 -> 4 | D26: =D35 -> 24 | E26: =E35 -> 0 | F26: =F35 -> 1 | G26: =G35 -> Перевозка и приём порубочных остатков | O26: =O35 -> 2329.45 | P26: =P35 -> 0 | Q26: =Q35 -> 2329.45 | R26: =R35 -> 0 | S26: =S35 -> 0 | T26: =T35 -> 0 | U26: =U35 -> 0 | V26: =V35 -> 0 | ... GX26: =GX35 -> 0
A28: 17 | B28: 1 | C28: =ROW(SmtRes!A1) -> 1 | D28: =ROW(EtalonRes!A1) -> 1 | E28: 1 | F28: 15.2-30-42 | G28: Перевозка строительного мусора на расстояние до 30 км автосамосвалами грузоподъемностью до 10 т | H28: т | I28: =ROUND(25.57,9) -> 25.57 | J28: 0 | K28: =ROUND(25.57,9) -> 25.57 | O28: =ROUND(CP28,2) -> 1460.56 | P28: =ROUND(CQ28*I28,2) -> 0 | Q28: =ROUND(CR28*I28,2) -> 1460.56 | R28: =ROUND(CS28*I28,2) -> 0 | S28: =ROUND(CT28*I28,2) -> 0 | T28: =ROUND(CU28*I28,2) -> 0 | U28: =CV28*I28 -> 0 | V28: =CW28*I28 -> 0 | W28: =ROUND(CX28*I28,2) -> 0 | X28: =ROUND(CY28,2) -> 0 | Y28: =ROUND(CZ28,2) -> 0 | AA28: 86514064 | AB28: =(AC28+AD28+AF28) -> 57.12 | AC28: =(ES28) -> 0 | AD28: =((ET28*1.5)) -> 57.12 | AE28: =(EU28) -> 0 | AF28: =(EV28) -> 0 | AG28: =(AP28) -> 0 | AH28: =(EW28) -> 0 | AI28: =(EX28) -> 0 | AJ28: =(AS28) -> 0 | AK28: 0 | AL28: 0 | AM28: 38.08 | AN28: 0 | AO28: 0 | AP28: 0 | AQ28: 0 | AR28: 0 | AS28: 0 | AT28: 94 | AU28: 61 | AV28: 1 | AW28: 1 | AZ28: 1 | BA28: 1 | BB28: 1 | BC28: 1 | BH28: 0 | BI28: 4 | BJ28: 15.2-30-42 | BM28: 0 | BN28: 0 | BO28: 15.2-30-42 | BP28: 1 | BQ28: 30 | BR28: 0 | BS28: 1 | BT28: 1 | BU28: 1 | BV28: 1 | BW28: 1 | BX28: 1 | BZ28: 94 | CA28: 61 | CE28: 0 | CF28: 0 | CG28: 0 | CM28: 0 | CN28: Поправка:вывоз мусора от валки деревьев (объёмная масса < 0,8 т/м3) | CO28: 0 | CP28: =(P28+Q28+S28) -> 1460.56 | CQ28: =(AC28*BC28*AW28) -> 0 | CR28: =(((ET28*1.5))*BB28*AV28) -> 57.12 | CS28: =(AE28*BS28*AV28) -> 0 | CT28: =(AF28*BA28*AV28) -> 0 | CU28: =AG28 -> 0 | CV28: =(AH28*AV28) -> 0 | CW28: =AI28 -> 0 | CX28: =AJ28 -> 0 | CY28: =(((S28+R28)*BZ28)/100) -> 0 | CZ28: =(((S28+R28)*CA28)/100) -> 0 | DE28: *1,5 | DN28: 0 | DO28: 0 | DP28: 1 | DQ28: 1 | DU28: 1009 | DV28: т | DW28: т | DX28: 1000 | EE28: 86330672 | EF28: 30 | EG28: Строительные работы | EH28: 0 | EJ28: 4 | EK28: 0 | EL28: Прочие работы | EM28: МЦЦС | EO28: Попр.15.02.04.34.001 | EQ28: 0 | ER28: 0 | ES28: 0 | ET28: 38.08 | EU28: 0 | EV28: 0 | EW28: 0 | EX28: 0 | EY28: 0 | FQ28: 0 | FR28: 0 | FS28: 0 | FX28: 94 | FY28: 61 | GD28: 1 | GF28: 632056864 | GG28: 2 | GH28: 0 | GI28: -2 | GJ28: 0 | GK28: 0 | GL28: =ROUND(IF(AND(BH28=3,BI28=3,FS28<>0),P28,0),2) -> 0 | GM28: =ROUND(O28+X28+Y28,2)+GX28 -> 1460.56 | GN28: =IF(OR(BI28=0,BI28=1),GM28-GX28,0) -> 0 | GO28: =IF(BI28=2,GM28-GX28,0) -> 0 | GP28: =IF(BI28=4,GM28-GX28,0) -> 1460.56 | GR28: 0 | GS28: 3 | GT28: 0 | GV28: =(GT28) -> 0 | GW28: 1 | GX28: =ROUND(HC28*I28,2) -> 0 | HA28: 0 | HB28: 0 | HC28: =GV28*GW28 -> 0 | HS28: 0 | IK28: 0
A29: 17 | B29: 1 | C29: =ROW(SmtRes!A2) -> 2 | D29: =ROW(EtalonRes!A2) -> 2 | E29: 1 | F29: 15.2-30-42 | G29: Перевозка строительного мусора на расстояние до 30 км автосамосвалами грузоподъемностью до 10 т | H29: т | I29: =ROUND(25.57,9) -> 25.57 | J29: 0 | K29: =ROUND(25.57,9) -> 25.57 | O29: =ROUND(CP29,2) -> 27648.37 | P29: =ROUND(CQ29*I29,2) -> 0 | Q29: =ROUND(CR29*I29,2) -> 27648.37 | R29: =ROUND(CS29*I29,2) -> 0 | S29: =ROUND(CT29*I29,2) -> 0 | T29: =ROUND(CU29*I29,2) -> 0 | U29: =CV29*I29 -> 0 | V29: =CW29*I29 -> 0 | W29: =ROUND(CX29*I29,2) -> 0 | X29: =ROUND(CY29,2) -> 0 | Y29: =ROUND(CZ29,2) -> 0 | AA29: 86514065 | AB29: =(AC29+AD29+AF29) -> 57.12 | AC29: =(ES29) -> 0 | AD29: =((ET29*1.5)) -> 57.12 | AE29: =(EU29) -> 0 | AF29: =(EV29) -> 0 | AG29: =(AP29) -> 0 | AH29: =(EW29) -> 0 | AI29: =(EX29) -> 0 | AJ29: =(AS29) -> 0 | AK29: 0 | AL29: 0 | AM29: 38.08 | AN29: 0 | AO29: 0 | AP29: 0 | AQ29: 0 | AR29: 0 | AS29: 0 | AT29: 94 | AU29: 61 | AV29: 1 | AW29: 1 | AZ29: 1 | BA29: 57.76 | BB29: 18.93 | BC29: 1 | BH29: 0 | BI29: 4 | BJ29: 15.2-30-42 | BM29: 0 | BN29: 0 | BO29: 15.2-30-42 | BP29: 1 | BQ29: 30 | BR29: 0 | BS29: 57.76 | BT29: 1 | BU29: 1 | BV29: 1 | BW29: 1 | BX29: 1 | BZ29: 94 | CA29: 61 | CE29: 0 | CF29: 0 | CG29: 0 | CM29: 0 | CN29: Поправка:вывоз мусора от валки деревьев (объёмная масса < 0,8 т/м3) | CO29: 0 | CP29: =(P29+Q29+S29) -> 27648.37 | CQ29: =(AC29*BC29*AW29) -> 0 | CR29: =(((ET29*1.5))*BB29*AV29) -> 1081.2816 | CS29: =(AE29*BS29*AV29) -> 0 | CT29: =(AF29*BA29*AV29) -> 0 | CU29: =AG29 -> 0 | CV29: =(AH29*AV29) -> 0 | CW29: =AI29 -> 0 | CX29: =AJ29 -> 0 | CY29: =(S29+R29)*(BZ29/100) -> 0 | CZ29: =(S29+R29)*(CA29/100) -> 0 | DE29: *1,5 | DN29: 94 | DO29: 61 | DP29: 1 | DQ29: 1 | DU29: 1009 | DV29: т | DW29: т | DX29: 1000 | EE29: 86330672 | EF29: 30 | EG29: Строительные работы | EH29: 0 | EJ29: 4 | EK29: 0 | EL29: Прочие работы | EM29: МЦЦС | EO29: Попр.15.02.04.34.001 | EQ29: 0 | ER29: 0 | ES29: 0 | ET29: 38.08 | EU29: 0 | EV29: 0 | EW29: 0 | EX29: 0 | EY29: 0 | FQ29: 0 | FR29: 0 | FS29: 0 | FX29: 94 | FY29: 61 | GD29: 1 | GF29: 632056864 | GG29: 2 | GH29: 0 | GI29: -2 | GJ29: 0 | GK29: 0 | GL29: =ROUND(IF(AND(BH29=3,BI29=3,FS29<>0),P29,0),2) -> 0 | GM29: =ROUND(O29+X29+Y29,2)+GX29 -> 27648.37 | GN29: =IF(OR(BI29=0,BI29=1),GM29-GX29,0) -> 0 | GO29: =IF(BI29=2,GM29-GX29,0) -> 0 | GP29: =IF(BI29=4,GM29-GX29,0) -> 27648.37 | GR29: 0 | GS29: 3 | GT29: 0 | GV29: =(GT29) -> 0 | GW29: 1 | GX29: =ROUND(HC29*I29,2) -> 0 | HA29: 0 | HB29: 0 | HC29: =GV29*GW29 -> 0 | HS29: 0 | IK29: 0
A30: 17 | B30: 1 | C30: =ROW(SmtRes!A3) -> 3 | D30: =ROW(EtalonRes!A3) -> 3 | E30: 2 | F30: 15.1-1503-01 | G30: Отходы сучьев, ветвей, вершинок от лесоразработок, практически неопасные | H30: 1 Т | I30: =ROUND(1.92,9) -> 1.92 | J30: 0 | K30: =ROUND(1.92,9) -> 1.92 | O30: =ROUND(CP30,2) -> 181.38 | P30: =ROUND(CQ30*I30,2) -> 0 | Q30: =ROUND(CR30*I30,2) -> 181.38 | R30: =ROUND(CS30*I30,2) -> 0 | S30: =ROUND(CT30*I30,2) -> 0 | T30: =ROUND(CU30*I30,2) -> 0 | U30: =CV30*I30 -> 0 | V30: =CW30*I30 -> 0 | W30: =ROUND(CX30*I30,2) -> 0 | X30: =ROUND(CY30,2) -> 0 | Y30: =ROUND(CZ30,2) -> 0 | AA30: 86514064 | AB30: =(AC30+AD30+AF30) -> 94.47 | AC30: =(ES30) -> 0 | AD30: =(ET30) -> 94.47 | AE30: =(EU30) -> 0 | AF30: =(EV30) -> 0 | AG30: =(AP30) -> 0 | AH30: =(EW30) -> 0 | AI30: =(EX30) -> 0 | AJ30: =(AS30) -> 0 | AK30: 0 | AL30: 0 | AM30: 94.47 | AN30: 0 | AO30: 0 | AP30: 0 | AQ30: 0 | AR30: 0 | AS30: 0 | AT30: 0 | AU30: 0 | AV30: 1 | AW30: 1 | AZ30: 1 | BA30: 1 | BB30: 1 | BC30: 1 | BH30: 0 | BI30: 4 | BJ30: 15.1-1503-01 | BM30: 1109 | BN30: 0 | BO30: 15.1-1503-01 | BP30: 1 | BQ30: 150 | BR30: 0 | BS30: 1 | BT30: 1 | BU30: 1 | BV30: 1 | BW30: 1 | BX30: 1 | BZ30: 0 | CA30: 0 | CE30: 0 | CF30: 0 | CG30: 0 | CM30: 0 | CO30: 0 | CP30: =(P30+Q30+S30) -> 181.38 | CQ30: =(AC30*BC30*AW30) -> 0 | CR30: =((ET30)*BB30*AV30) -> 94.47 | CS30: =(AE30*BS30*AV30) -> 0 | CT30: =(AF30*BA30*AV30) -> 0 | CU30: =AG30 -> 0 | CV30: =(AH30*AV30) -> 0 | CW30: =AI30 -> 0 | CX30: =AJ30 -> 0 | CY30: =(((S30+R30)*BZ30)/100) -> 0 | CZ30: =(((S30+R30)*CA30)/100) -> 0 | DN30: 0 | DO30: 0 | DP30: 1 | DQ30: 1 | DU30: 1013 | DV30: 1 Т | DW30: 1 Т | DX30: 1 | EE30: 86331737 | EF30: 150 | EG30: Транспортные затраты | EH30: 0 | EJ30: 4 | EK30: 1109 | EL30: ТСН-2001.15-1. | EM30: ТСН-2001.15-1-1 | EQ30: 0 | ER30: 0 | ES30: 0 | ET30: 94.47 | EU30: 0 | EV30: 0 | EW30: 0 | EX30: 0 | EY30: 0 | FQ30: 0 | FR30: 0 | FS30: 0 | FX30: 0 | FY30: 0 | GD30: 1 | GF30: -1412850781 | GG30: 2 | GH30: 0 | GI30: -2 | GJ30: 0 | GK30: 0 | GL30: =ROUND(IF(AND(BH30=3,BI30=3,FS30<>0),P30,0),2) -> 0 | GM30: =ROUND(O30+X30+Y30,2)+GX30 -> 181.38 | GN30: =IF(OR(BI30=0,BI30=1),GM30-GX30,0) -> 0 | GO30: =IF(BI30=2,GM30-GX30,0) -> 0 | GP30: =IF(BI30=4,GM30-GX30,0) -> 181.38 | GR30: 0 | GS30: 3 | GT30: 0 | GV30: =(GT30) -> 0 | GW30: 1 | GX30: =ROUND(HC30*I30,2) -> 0 | HA30: 0 | HB30: 0 | HC30: =GV30*GW30 -> 0 | HS30: 0 | IK30: 0
A31: 17 | B31: 1 | C31: =ROW(SmtRes!A4) -> 4 | D31: =ROW(EtalonRes!A4) -> 4 | E31: 2 | F31: 15.1-1503-01 | G31: Отходы сучьев, ветвей, вершинок от лесоразработок, практически неопасные | H31: 1 Т | I31: =ROUND(1.92,9) -> 1.92 | J31: 0 | K31: =ROUND(1.92,9) -> 1.92 | O31: =ROUND(CP31,2) -> 910.54 | P31: =ROUND(CQ31*I31,2) -> 0 | Q31: =ROUND(CR31*I31,2) -> 910.54 | R31: =ROUND(CS31*I31,2) -> 0 | S31: =ROUND(CT31*I31,2) -> 0 | T31: =ROUND(CU31*I31,2) -> 0 | U31: =CV31*I31 -> 0 | V31: =CW31*I31 -> 0 | W31: =ROUND(CX31*I31,2) -> 0 | X31: =ROUND(CY31,2) -> 0 | Y31: =ROUND(CZ31,2) -> 0 | AA31: 86514065 | AB31: =(AC31+AD31+AF31) -> 94.47 | AC31: =(ES31) -> 0 | AD31: =(ET31) -> 94.47 | AE31: =(EU31) -> 0 | AF31: =(EV31) -> 0 | AG31: =(AP31) -> 0 | AH31: =(EW31) -> 0 | AI31: =(EX31) -> 0 | AJ31: =(AS31) -> 0 | AK31: 0 | AL31: 0 | AM31: 94.47 | AN31: 0 | AO31: 0 | AP31: 0 | AQ31: 0 | AR31: 0 | AS31: 0 | AT31: 0 | AU31: 0 | AV31: 1 | AW31: 1 | AZ31: 1 | BA31: 57.76 | BB31: 5.02 | BC31: 1 | BH31: 0 | BI31: 4 | BJ31: 15.1-1503-01 | BM31: 1109 | BN31: 0 | BO31: 15.1-1503-01 | BP31: 1 | BQ31: 150 | BR31: 0 | BS31: 57.76 | BT31: 1 | BU31: 1 | BV31: 1 | BW31: 1 | BX31: 1 | BZ31: 0 | CA31: 0 | CE31: 0 | CF31: 0 | CG31: 0 | CM31: 0 | CO31: 0 | CP31: =(P31+Q31+S31) -> 910.54 | CQ31: =(AC31*BC31*AW31) -> 0 | CR31: =((ET31)*BB31*AV31) -> 474.2394 | CS31: =(AE31*BS31*AV31) -> 0 | CT31: =(AF31*BA31*AV31) -> 0 | CU31: =AG31 -> 0 | CV31: =(AH31*AV31) -> 0 | CW31: =AI31 -> 0 | CX31: =AJ31 -> 0 | CY31: =(S31+R31)*(BZ31/100) -> 0 | CZ31: =(S31+R31)*(CA31/100) -> 0 | DN31: 0 | DO31: 0 | DP31: 1 | DQ31: 1 | DU31: 1013 | DV31: 1 Т | DW31: 1 Т | DX31: 1 | EE31: 86331737 | EF31: 150 | EG31: Транспортные затраты | EH31: 0 | EJ31: 4 | EK31: 1109 | EL31: ТСН-2001.15-1. | EM31: ТСН-2001.15-1-1 | EQ31: 0 | ER31: 0 | ES31: 0 | ET31: 94.47 | EU31: 0 | EV31: 0 | EW31: 0 | EX31: 0 | EY31: 0 | FQ31: 0 | FR31: 0 | FS31: 0 | FX31: 0 | FY31: 0 | GD31: 1 | GF31: -1412850781 | GG31: 2 | GH31: 0 | GI31: -2 | GJ31: 0 | GK31: 0 | GL31: =ROUND(IF(AND(BH31=3,BI31=3,FS31<>0),P31,0),2) -> 0 | GM31: =ROUND(O31+X31+Y31,2)+GX31 -> 910.54 | GN31: =IF(OR(BI31=0,BI31=1),GM31-GX31,0) -> 0 | GO31: =IF(BI31=2,GM31-GX31,0) -> 0 | GP31: =IF(BI31=4,GM31-GX31,0) -> 910.54 | GR31: 0 | GS31: 3 | GT31: 0 | GV31: =(GT31) -> 0 | GW31: 1 | GX31: =ROUND(HC31*I31,2) -> 0 | HA31: 0 | HB31: 0 | HC31: =GV31*GW31 -> 0 | HS31: 0 | IK31: 0
A32: 17 | B32: 1 | C32: =ROW(SmtRes!A5) -> 5 | D32: =ROW(EtalonRes!A5) -> 5 | E32: 3 | F32: 15.1-1503-05 | G32: Отходы малоценной древесины (хворост, валежник, обломки стволов) | H32: 1 Т | I32: =ROUND(23.65,9) -> 23.65 | J32: 0 | K32: =ROUND(23.65,9) -> 23.65 | O32: =ROUND(CP32,2) -> 687.51 | P32: =ROUND(CQ32*I32,2) -> 0 | Q32: =ROUND(CR32*I32,2) -> 687.51 | R32: =ROUND(CS32*I32,2) -> 0 | S32: =ROUND(CT32*I32,2) -> 0 | T32: =ROUND(CU32*I32,2) -> 0 | U32: =CV32*I32 -> 0 | V32: =CW32*I32 -> 0 | W32: =ROUND(CX32*I32,2) -> 0 | X32: =ROUND(CY32,2) -> 0 | Y32: =ROUND(CZ32,2) -> 0 | AA32: 86514064 | AB32: =(AC32+AD32+AF32) -> 29.07 | AC32: =(ES32) -> 0 | AD32: =(ET32) -> 29.07 | AE32: =(EU32) -> 0 | AF32: =(EV32) -> 0 | AG32: =(AP32) -> 0 | AH32: =(EW32) -> 0 | AI32: =(EX32) -> 0 | AJ32: =(AS32) -> 0 | AK32: 0 | AL32: 0 | AM32: 29.07 | AN32: 0 | AO32: 0 | AP32: 0 | AQ32: 0 | AR32: 0 | AS32: 0 | AT32: 0 | AU32: 0 | AV32: 1 | AW32: 1 | AZ32: 1 | BA32: 1 | BB32: 1 | BC32: 1 | BH32: 0 | BI32: 4 | BJ32: 15.1-1503-05 | BM32: 1109 | BN32: 0 | BO32: 15.1-1503-05 | BP32: 1 | BQ32: 150 | BR32: 0 | BS32: 1 | BT32: 1 | BU32: 1 | BV32: 1 | BW32: 1 | BX32: 1 | BZ32: 0 | CA32: 0 | CE32: 0 | CF32: 0 | CG32: 0 | CM32: 0 | CO32: 0 | CP32: =(P32+Q32+S32) -> 687.51 | CQ32: =(AC32*BC32*AW32) -> 0 | CR32: =((ET32)*BB32*AV32) -> 29.07 | CS32: =(AE32*BS32*AV32) -> 0 | CT32: =(AF32*BA32*AV32) -> 0 | CU32: =AG32 -> 0 | CV32: =(AH32*AV32) -> 0 | CW32: =AI32 -> 0 | CX32: =AJ32 -> 0 | CY32: =(((S32+R32)*BZ32)/100) -> 0 | CZ32: =(((S32+R32)*CA32)/100) -> 0 | DN32: 0 | DO32: 0 | DP32: 1 | DQ32: 1 | DU32: 1013 | DV32: 1 Т | DW32: 1 Т | DX32: 1 | EE32: 86331737 | EF32: 150 | EG32: Транспортные затраты | EH32: 0 | EJ32: 4 | EK32: 1109 | EL32: ТСН-2001.15-1. | EM32: ТСН-2001.15-1-1 | EQ32: 0 | ER32: 0 | ES32: 0 | ET32: 29.07 | EU32: 0 | EV32: 0 | EW32: 0 | EX32: 0 | EY32: 0 | FQ32: 0 | FR32: 0 | FS32: 0 | FX32: 0 | FY32: 0 | GD32: 1 | GF32: -459984308 | GG32: 2 | GH32: 0 | GI32: -2 | GJ32: 0 | GK32: 0 | GL32: =ROUND(IF(AND(BH32=3,BI32=3,FS32<>0),P32,0),2) -> 0 | GM32: =ROUND(O32+X32+Y32,2)+GX32 -> 687.51 | GN32: =IF(OR(BI32=0,BI32=1),GM32-GX32,0) -> 0 | GO32: =IF(BI32=2,GM32-GX32,0) -> 0 | GP32: =IF(BI32=4,GM32-GX32,0) -> 687.51 | GR32: 0 | GS32: 3 | GT32: 0 | GV32: =(GT32) -> 0 | GW32: 1 | GX32: =ROUND(HC32*I32,2) -> 0 | HA32: 0 | HB32: 0 | HC32: =GV32*GW32 -> 0 | HS32: 0 | IK32: 0
A33: 17 | B33: 1 | C33: =ROW(SmtRes!A6) -> 6 | D33: =ROW(EtalonRes!A6) -> 6 | E33: 3 | F33: 15.1-1503-05 | G33: Отходы малоценной древесины (хворост, валежник, обломки стволов) | H33: 1 Т | I33: =ROUND(23.65,9) -> 23.65 | J33: 0 | K33: =ROUND(23.65,9) -> 23.65 | O33: =ROUND(CP33,2) -> 7046.93 | P33: =ROUND(CQ33*I33,2) -> 0 | Q33: =ROUND(CR33*I33,2) -> 7046.93 | R33: =ROUND(CS33*I33,2) -> 0 | S33: =ROUND(CT33*I33,2) -> 0 | T33: =ROUND(CU33*I33,2) -> 0 | U33: =CV33*I33 -> 0 | V33: =CW33*I33 -> 0 | W33: =ROUND(CX33*I33,2) -> 0 | X33: =ROUND(CY33,2) -> 0 | Y33: =ROUND(CZ33,2) -> 0 | AA33: 86514065 | AB33: =(AC33+AD33+AF33) -> 29.07 | AC33: =(ES33) -> 0 | AD33: =(ET33) -> 29.07 | AE33: =(EU33) -> 0 | AF33: =(EV33) -> 0 | AG33: =(AP33) -> 0 | AH33: =(EW33) -> 0 | AI33: =(EX33) -> 0 | AJ33: =(AS33) -> 0 | AK33: 0 | AL33: 0 | AM33: 29.07 | AN33: 0 | AO33: 0 | AP33: 0 | AQ33: 0 | AR33: 0 | AS33: 0 | AT33: 0 | AU33: 0 | AV33: 1 | AW33: 1 | AZ33: 1 | BA33: 57.76 | BB33: 10.25 | BC33: 1 | BH33: 0 | BI33: 4 | BJ33: 15.1-1503-05 | BM33: 1109 | BN33: 0 | BO33: 15.1-1503-05 | BP33: 1 | BQ33: 150 | BR33: 0 | BS33: 57.76 | BT33: 1 | BU33: 1 | BV33: 1 | BW33: 1 | BX33: 1 | BZ33: 0 | CA33: 0 | CE33: 0 | CF33: 0 | CG33: 0 | CM33: 0 | CO33: 0 | CP33: =(P33+Q33+S33) -> 7046.93 | CQ33: =(AC33*BC33*AW33) -> 0 | CR33: =((ET33)*BB33*AV33) -> 297.9675 | CS33: =(AE33*BS33*AV33) -> 0 | CT33: =(AF33*BA33*AV33) -> 0 | CU33: =AG33 -> 0 | CV33: =(AH33*AV33) -> 0 | CW33: =AI33 -> 0 | CX33: =AJ33 -> 0 | CY33: =(S33+R33)*(BZ33/100) -> 0 | CZ33: =(S33+R33)*(CA33/100) -> 0 | DN33: 0 | DO33: 0 | DP33: 1 | DQ33: 1 | DU33: 1013 | DV33: 1 Т | DW33: 1 Т | DX33: 1 | EE33: 86331737 | EF33: 150 | EG33: Транспортные затраты | EH33: 0 | EJ33: 4 | EK33: 1109 | EL33: ТСН-2001.15-1. | EM33: ТСН-2001.15-1-1 | EQ33: 0 | ER33: 0 | ES33: 0 | ET33: 29.07 | EU33: 0 | EV33: 0 | EW33: 0 | EX33: 0 | EY33: 0 | FQ33: 0 | FR33: 0 | FS33: 0 | FX33: 0 | FY33: 0 | GD33: 1 | GF33: -459984308 | GG33: 2 | GH33: 0 | GI33: -2 | GJ33: 0 | GK33: 0 | GL33: =ROUND(IF(AND(BH33=3,BI33=3,FS33<>0),P33,0),2) -> 0 | GM33: =ROUND(O33+X33+Y33,2)+GX33 -> 7046.93 | GN33: =IF(OR(BI33=0,BI33=1),GM33-GX33,0) -> 0 | GO33: =IF(BI33=2,GM33-GX33,0) -> 0 | GP33: =IF(BI33=4,GM33-GX33,0) -> 7046.93 | GR33: 0 | GS33: 3 | GT33: 0 | GV33: =(GT33) -> 0 | GW33: 1 | GX33: =ROUND(HC33*I33,2) -> 0 | HA33: 0 | HB33: 0 | HC33: =GV33*GW33 -> 0 | HS33: 0 | IK33: 0
A35: 51 | B35: =B24 -> 1 | C35: =A24 -> 4 | D35: =ROW(A24) -> 24 | F35: =IF(F24<>"",F24,"") -> 1 | G35: =IF(G24<>"",G24,"") -> Перевозка и приём порубочных остатков | H35: 0 | O35: =ROUND(AB35,2) -> 2329.45 | P35: =ROUND(AC35,2) -> 0 | Q35: =ROUND(AD35,2) -> 2329.45 | R35: =ROUND(AE35,2) -> 0 | S35: =ROUND(AF35,2) -> 0 | T35: =ROUND(AG35,2) -> 0 | U35: =AH35 -> 0 | V35: =AI35 -> 0 | W35: =ROUND(AJ35,2) -> 0 | X35: =ROUND(AK35,2) -> 0 | Y35: =ROUND(AL35,2) -> 0 | AB35: =ROUND(SUMIF(AA28:AA33,"=86514064",O28:O33),2) -> 2329.45 | AC35: =ROUND(SUMIF(AA28:AA33,"=86514064",P28:P33),2) -> 0 | AD35: =ROUND(SUMIF(AA28:AA33,"=86514064",Q28:Q33),2) -> 2329.45 | AE35: =ROUND(SUMIF(AA28:AA33,"=86514064",R28:R33),2) -> 0 | AF35: =ROUND(SUMIF(AA28:AA33,"=86514064",S28:S33),2) -> 0 | AG35: =ROUND(SUMIF(AA28:AA33,"=86514064",T28:T33),2) -> 0 | AH35: =SUMIF(AA28:AA33,"=86514064",U28:U33) -> 0 | AI35: =SUMIF(AA28:AA33,"=86514064",V28:V33) -> 0 | AJ35: =ROUND(SUMIF(AA28:AA33,"=86514064",W28:W33),2) -> 0 | AK35: =ROUND(SUMIF(AA28:AA33,"=86514064",X28:X33),2) -> 0 | AL35: =ROUND(SUMIF(AA28:AA33,"=86514064",Y28:Y33),2) -> 0 | AO35: =ROUND(BX35,2) -> 0 | AP35: =ROUND(BY35,2) -> 0 | AQ35: =ROUND(BZ35,2) -> 0 | AR35: =ROUND(CA35,2) -> 2329.45 | AS35: =ROUND(CB35,2) -> 0 | AT35: =ROUND(CC35,2) -> 0 | AU35: =ROUND(CD35,2) -> 2329.45 | AV35: =ROUND(CE35,2) -> 0 | ... BD35: =ROUND(CM35,2) -> 0 | BX35: =ROUND(SUMIF(AA28:AA33,"=86514064",FQ28:FQ33),2) -> 0 | BY35: =ROUND(SUMIF(AA28:AA33,"=86514064",FR28:FR33),2) -> 0 | BZ35: =ROUND(SUMIF(AA28:AA33,"=86514064",GL28:GL33),2) -> 0 | CA35: =ROUND(SUMIF(AA28:AA33,"=86514064",GM28:GM33),2) -> 2329.45 | CB35: =ROUND(SUMIF(AA28:AA33,"=86514064",GN28:GN33),2) -> 0 | CC35: =ROUND(SUMIF(AA28:AA33,"=86514064",GO28:GO33),2) -> 0 | CD35: =ROUND(SUMIF(AA28:AA33,"=86514064",GP28:GP33),2) -> 2329.45 | CE35: =AC35-BX35 -> 0 | CF35: =AC35-BY35 -> 0 | CG35: =BX35-BZ35 -> 0 | CH35: =AC35-BX35-BY35+BZ35 -> 0 | CI35: =BY35-BZ35 -> 0 | CJ35: =ROUND(SUMIF(AA28:AA33,"=86514064",GX28:GX33),2) -> 0 | CK35: =ROUND(SUMIF(AA28:AA33,"=86514064",GY28:GY33),2) -> 0 | CL35: =ROUND(SUMIF(AA28:AA33,"=86514064",GZ28:GZ33),2) -> 0 | CM35: =ROUND(SUMIF(AA28:AA33,"=86514064",HD28:HD33),2) -> 0 | DG35: =ROUND(DT35,2) -> 35605.84 | DH35: =ROUND(DU35,2) -> 0 | DI35: =ROUND(DV35,2) -> 35605.84 | DJ35: =ROUND(DW35,2) -> 0 | DK35: =ROUND(DX35,2) -> 0 | DL35: =ROUND(DY35,2) -> 0 | DM35: =DZ35 -> 0 | DN35: =EA35 -> 0 | DO35: =ROUND(EB35,2) -> 0 | DP35: =ROUND(EC35,2) -> 0 | DQ35: =ROUND(ED35,2) -> 0 | DT35: =ROUND(SUMIF(AA28:AA33,"=86514065",O28:O33),2) -> 35605.84 | DU35: =ROUND(SUMIF(AA28:AA33,"=86514065",P28:P33),2) -> 0 | DV35: =ROUND(SUMIF(AA28:AA33,"=86514065",Q28:Q33),2) -> 35605.84 | DW35: =ROUND(SUMIF(AA28:AA33,"=86514065",R28:R33),2) -> 0 | DX35: =ROUND(SUMIF(AA28:AA33,"=86514065",S28:S33),2) -> 0 | DY35: =ROUND(SUMIF(AA28:AA33,"=86514065",T28:T33),2) -> 0 | DZ35: =SUMIF(AA28:AA33,"=86514065",U28:U33) -> 0 | EA35: =SUMIF(AA28:AA33,"=86514065",V28:V33) -> 0 | EB35: =ROUND(SUMIF(AA28:AA33,"=86514065",W28:W33),2) -> 0 | EC35: =ROUND(SUMIF(AA28:AA33,"=86514065",X28:X33),2) -> 0 | ED35: =ROUND(SUMIF(AA28:AA33,"=86514065",Y28:Y33),2) -> 0 | EG35: =ROUND(FP35,2) -> 0 | EH35: =ROUND(FQ35,2) -> 0 | EI35: =ROUND(FR35,2) -> 0 | EJ35: =ROUND(FS35,2) -> 35605.84 | EK35: =ROUND(FT35,2) -> 0 | EL35: =ROUND(FU35,2) -> 0 | EM35: =ROUND(FV35,2) -> 35605.84 | EN35: =ROUND(FW35,2) -> 0 | ... EV35: =ROUND(GE35,2) -> 0 | FP35: =ROUND(SUMIF(AA28:AA33,"=86514065",FQ28:FQ33),2) -> 0 | FQ35: =ROUND(SUMIF(AA28:AA33,"=86514065",FR28:FR33),2) -> 0 | FR35: =ROUND(SUMIF(AA28:AA33,"=86514065",GL28:GL33),2) -> 0 | FS35: =ROUND(SUMIF(AA28:AA33,"=86514065",GM28:GM33),2) -> 35605.84 | FT35: =ROUND(SUMIF(AA28:AA33,"=86514065",GN28:GN33),2) -> 0 | FU35: =ROUND(SUMIF(AA28:AA33,"=86514065",GO28:GO33),2) -> 0 | FV35: =ROUND(SUMIF(AA28:AA33,"=86514065",GP28:GP33),2) -> 35605.84 | FW35: =DU35-FP35 -> 0 | FX35: =DU35-FQ35 -> 0 | FY35: =FP35-FR35 -> 0 | FZ35: =DU35-FP35-FQ35+FR35 -> 0 | GA35: =FQ35-FR35 -> 0 | GB35: =ROUND(SUMIF(AA28:AA33,"=86514065",GX28:GX33),2) -> 0 | GC35: =ROUND(SUMIF(AA28:AA33,"=86514065",GY28:GY33),2) -> 0 | GD35: =ROUND(SUMIF(AA28:AA33,"=86514065",GZ28:GZ33),2) -> 0 | GE35: =ROUND(SUMIF(AA28:AA33,"=86514065",HD28:HD33),2) -> 0 | GX35: 0
A37: 50 | B37: 0 | C37: 0 | D37: 1 | E37: 201 | F37: =ROUND(Source!O35,O37) -> 2329.45 | G37: ПЗ | H37: Прямые затраты | K37: 201 | L37: 1 | M37: 3 | O37: 2 | P37: =ROUND(Source!DG35,O37) -> 35605.84 | W37: 2329.45 | X37: 1 | Y37: 2329.45 | Z37: 35605.84 | AA37: 1 | AB37: 35605.84
A38: 50 | B38: 0 | C38: 0 | D38: 1 | E38: 202 | F38: =ROUND(Source!P35,O38) -> 0 | G38: СтМатОб | H38: Стоимость материальных ресурсов (всего) | K38: 202 | L38: 2 | M38: 3 | O38: 2 | P38: =ROUND(Source!DH35,O38) -> 0 | W38: 0 | X38: 1 | Y38: 0 | Z38: 0 | AA38: 1 | AB38: 0
A39: 50 | B39: 0 | C39: 0 | D39: 1 | E39: 222 | F39: =ROUND(Source!AO35,O39) -> 0 | G39: СтМатОбЗак | H39: Стоимость материалов и оборудования заказчика | K39: 222 | L39: 3 | M39: 3 | O39: 2 | P39: =ROUND(Source!EG35,O39) -> 0 | W39: 0 | X39: 1 | Y39: 0 | Z39: 0 | AA39: 1 | AB39: 0
A40: 50 | B40: 0 | C40: 0 | D40: 1 | E40: 225 | F40: =ROUND(Source!AV35,O40) -> 0 | G40: СтМатОбПод | H40: Стоимость материалов и оборудования подрядчика | K40: 225 | L40: 4 | M40: 3 | O40: 2 | P40: =ROUND(Source!EN35,O40) -> 0 | W40: 0 | X40: 1 | Y40: 0 | Z40: 0 | AA40: 1 | AB40: 0
A41: 50 | B41: 0 | C41: 0 | D41: 1 | E41: 226 | F41: =ROUND(Source!AW35,O41) -> 0 | G41: СтМат | H41: Стоимость материалов (всего) | K41: 226 | L41: 5 | M41: 3 | O41: 2 | P41: =ROUND(Source!EO35,O41) -> 0 | W41: 0 | X41: 1 | Y41: 0 | Z41: 0 | AA41: 1 | AB41: 0
A42: 50 | B42: 0 | C42: 0 | D42: 1 | E42: 227 | F42: =ROUND(Source!AX35,O42) -> 0 | G42: СтМатЗак | H42: Стоимость материалов заказчика | K42: 227 | L42: 6 | M42: 3 | O42: 2 | P42: =ROUND(Source!EP35,O42) -> 0 | W42: 0 | X42: 1 | Y42: 0 | Z42: 0 | AA42: 1 | AB42: 0
A43: 50 | B43: 0 | C43: 0 | D43: 1 | E43: 228 | F43: =ROUND(Source!AY35,O43) -> 0 | G43: СтМатПод | H43: Стоимость материалов подрядчика | K43: 228 | L43: 7 | M43: 3 | O43: 2 | P43: =ROUND(Source!EQ35,O43) -> 0 | W43: 0 | X43: 1 | Y43: 0 | Z43: 0 | AA43: 1 | AB43: 0
A44: 50 | B44: 0 | C44: 0 | D44: 1 | E44: 216 | F44: =ROUND(Source!AP35,O44) -> 0 | G44: Оборуд | H44: Стоимость оборудования (всего) | K44: 216 | L44: 8 | M44: 3 | O44: 2 | P44: =ROUND(Source!EH35,O44) -> 0 | W44: 0 | X44: 1 | Y44: 0 | Z44: 0 | AA44: 1 | AB44: 0
A45: 50 | B45: 0 | C45: 0 | D45: 1 | E45: 223 | F45: =ROUND(Source!AQ35,O45) -> 0 | G45: ОборудЗак | H45: Стоимость оборудования заказчика | K45: 223 | L45: 9 | M45: 3 | O45: 2 | P45: =ROUND(Source!EI35,O45) -> 0 | W45: 0 | X45: 1 | Y45: 0 | Z45: 0 | AA45: 1 | AB45: 0
A46: 50 | B46: 0 | C46: 0 | D46: 1 | E46: 229 | F46: =ROUND(Source!AZ35,O46) -> 0 | G46: ОборудПод | H46: Стоимость оборудования подрядчика | K46: 229 | L46: 10 | M46: 3 | O46: 2 | P46: =ROUND(Source!ER35,O46) -> 0 | W46: 0 | X46: 1 | Y46: 0 | Z46: 0 | AA46: 1 | AB46: 0
A47: 50 | B47: 0 | C47: 0 | D47: 1 | E47: 203 | F47: =ROUND(Source!Q35,O47) -> 2329.45 | G47: ЭММ | H47: Эксплуатация машин | K47: 203 | L47: 11 | M47: 3 | O47: 2 | P47: =ROUND(Source!DI35,O47) -> 35605.84 | W47: 2329.45 | X47: 1 | Y47: 2329.45 | Z47: 35605.84 | AA47: 1 | AB47: 35605.84
A48: 50 | B48: 0 | C48: 0 | D48: 1 | E48: 231 | F48: =ROUND(Source!BB35,O48) -> 0 | G48: ЭММсНРиСП | H48: Эксплуатация машин по ТСН-2001.16 | K48: 231 | L48: 12 | M48: 3 | O48: 2 | P48: =ROUND(Source!ET35,O48) -> 0 | W48: 0 | X48: 1 | Y48: 0 | Z48: 0 | AA48: 1 | AB48: 0
A49: 50 | B49: 0 | C49: 0 | D49: 1 | E49: 204 | F49: =ROUND(Source!R35,O49) -> 0 | G49: ЗПМ | H49: ЗП машинистов | K49: 204 | L49: 13 | M49: 3 | O49: 2 | P49: =ROUND(Source!DJ35,O49) -> 0 | W49: 0 | X49: 1 | Y49: 0 | Z49: 0 | AA49: 1 | AB49: 0
A50: 50 | B50: 0 | C50: 0 | D50: 1 | E50: 205 | F50: =ROUND(Source!S35,O50) -> 0 | G50: ОЗП | H50: Основная ЗП рабочих | K50: 205 | L50: 14 | M50: 3 | O50: 2 | P50: =ROUND(Source!DK35,O50) -> 0 | W50: 0 | X50: 1 | Y50: 0 | Z50: 0 | AA50: 1 | AB50: 0
A51: 50 | B51: 0 | C51: 0 | D51: 1 | E51: 232 | F51: =ROUND(Source!BC35,O51) -> 0 | G51: ОЗПсНРиСП | H51: Основная ЗП рабочих по ТСН-2001.16 | K51: 232 | L51: 15 | M51: 3 | O51: 2 | P51: =ROUND(Source!EU35,O51) -> 0 | W51: 0 | X51: 1 | Y51: 0 | Z51: 0 | AA51: 1 | AB51: 0
A52: 50 | B52: 0 | C52: 0 | D52: 1 | E52: 214 | F52: =ROUND(Source!AS35,O52) -> 0 | G52: Строит | H52: Строительные работы с НР и СП | K52: 214 | L52: 16 | M52: 3 | O52: 2 | P52: =ROUND(Source!EK35,O52) -> 0 | W52: 0 | X52: 1 | Y52: 0 | Z52: 0 | AA52: 1 | AB52: 0
A53: 50 | B53: 0 | C53: 0 | D53: 1 | E53: 215 | F53: =ROUND(Source!AT35,O53) -> 0 | G53: Монтаж | H53: Монтажные работы с НР и СП | K53: 215 | L53: 17 | M53: 3 | O53: 2 | P53: =ROUND(Source!EL35,O53) -> 0 | W53: 0 | X53: 1 | Y53: 0 | Z53: 0 | AA53: 1 | AB53: 0
A54: 50 | B54: 0 | C54: 0 | D54: 1 | E54: 217 | F54: =ROUND(Source!AU35,O54) -> 2329.45 | G54: Прочие | H54: Прочие работы с НР и СП | K54: 217 | L54: 18 | M54: 3 | O54: 2 | P54: =ROUND(Source!EM35,O54) -> 35605.84 | W54: 2329.45 | X54: 1 | Y54: 2329.45 | Z54: 35605.84 | AA54: 1 | AB54: 35605.84
A55: 50 | B55: 0 | C55: 0 | D55: 1 | E55: 230 | F55: =ROUND(Source!BA35,O55) -> 0 | G55: ПрочиеЗатр | H55: Прочие затраты по ТСН-2001.16 | K55: 230 | L55: 19 | M55: 3 | O55: 2 | P55: =ROUND(Source!ES35,O55) -> 0 | W55: 0 | X55: 1 | Y55: 0 | Z55: 0 | AA55: 1 | AB55: 0
A56: 50 | B56: 0 | C56: 0 | D56: 1 | E56: 206 | F56: =ROUND(Source!T35,O56) -> 0 | G56: ВозврМат | H56: Возврат материалов | K56: 206 | L56: 20 | M56: 3 | O56: 2 | P56: =ROUND(Source!DL35,O56) -> 0 | W56: 0 | X56: 1 | Y56: 0 | Z56: 0 | AA56: 1 | AB56: 0
A57: 50 | B57: 0 | C57: 0 | D57: 1 | E57: 207 | F57: =Source!U35 -> 0 | G57: ТрудСтр | H57: Трудозатраты строителей | K57: 207 | L57: 21 | M57: 3 | O57: -1 | P57: =Source!DM35 -> 0 | W57: 0 | X57: 1 | Y57: 0 | Z57: 0 | AA57: 1 | AB57: 0
A58: 50 | B58: 0 | C58: 0 | D58: 1 | E58: 208 | F58: =Source!V35 -> 0 | G58: ТрудМаш | H58: Трудозатраты машинистов | K58: 208 | L58: 22 | M58: 3 | O58: -1 | P58: =Source!DN35 -> 0 | W58: 0 | X58: 1 | Y58: 0 | Z58: 0 | AA58: 1 | AB58: 0
A59: 50 | B59: 0 | C59: 0 | D59: 1 | E59: 209 | F59: =ROUND(Source!W35,O59) -> 0 | G59: ТранспМат | H59: Транспорт материалов | K59: 209 | L59: 23 | M59: 3 | O59: 2 | P59: =ROUND(Source!DO35,O59) -> 0 | W59: 0 | X59: 1 | Y59: 0 | Z59: 0 | AA59: 1 | AB59: 0
A60: 50 | B60: 0 | C60: 0 | D60: 1 | E60: 233 | F60: =ROUND(Source!BD35,O60) -> 0 | G60: Перевозка | H60: Перевозка грузов | K60: 233 | L60: 24 | M60: 3 | O60: 2 | P60: =ROUND(Source!EV35,O60) -> 0 | W60: 0 | X60: 1 | Y60: 0 | Z60: 0 | AA60: 1 | AB60: 0
A61: 50 | B61: 0 | C61: 0 | D61: 1 | E61: 210 | F61: =ROUND(Source!X35,O61) -> 0 | G61: НР | H61: Накладные расходы | K61: 210 | L61: 25 | M61: 3 | O61: 2 | P61: =ROUND(Source!DP35,O61) -> 0 | W61: 0 | X61: 1 | Y61: 0 | Z61: 0 | AA61: 1 | AB61: 0
A62: 50 | B62: 0 | C62: 0 | D62: 1 | E62: 211 | F62: =ROUND(Source!Y35,O62) -> 0 | G62: СмПриб | H62: Сметная прибыль | K62: 211 | L62: 26 | M62: 3 | O62: 2 | P62: =ROUND(Source!DQ35,O62) -> 0 | W62: 0 | X62: 1 | Y62: 0 | Z62: 0 | AA62: 1 | AB62: 0
A63: 50 | B63: 0 | C63: 0 | D63: 1 | E63: 224 | F63: =ROUND(Source!AR35,O63) -> 2329.45 | G63: Всего | H63: Всего с НР и СП | K63: 224 | L63: 27 | M63: 3 | O63: 2 | P63: =ROUND(Source!EJ35,O63) -> 35605.84 | W63: 2329.45 | X63: 1 | Y63: 2329.45 | Z63: 35605.84 | AA63: 1 | AB63: 35605.84
A65: 4 | B65: 1 | D65: =ROW(A74) -> 74 | F65: 5 | G65: Перевозка и приём отходов корчевания пней | I65: 0 | K65: -1 | S65: 0 | T65: 0 | V65: 9 | BX65: 0 | CJ65: 0
A67: 52 | B67: =B74 -> 1 | C67: =C74 -> 4 | D67: =D74 -> 65 | E67: =E74 -> 0 | F67: =F74 -> 5 | G67: =G74 -> Перевозка и приём отходов корчевания пней | O67: =O74 -> 427.6 | P67: =P74 -> 0 | Q67: =Q74 -> 427.6 | R67: =R74 -> 0 | S67: =S74 -> 0 | T67: =T74 -> 0 | U67: =U74 -> 0 | V67: =V74 -> 0 | ... GX67: =GX74 -> 0
A69: 17 | B69: 1 | C69: =ROW(SmtRes!A7) -> 7 | D69: =ROW(EtalonRes!A7) -> 7 | E69: 4 | F69: 15.2-30-42 | G69: Перевозка строительного мусора на расстояние до 30 км автосамосвалами грузоподъемностью до 10 т | H69: т | I69: =ROUND(3.35,9) -> 3.35 | J69: 0 | K69: =ROUND(3.35,9) -> 3.35 | O69: =ROUND(CP69,2) -> 127.57 | P69: =ROUND(CQ69*I69,2) -> 0 | Q69: =ROUND(CR69*I69,2) -> 127.57 | R69: =ROUND(CS69*I69,2) -> 0 | S69: =ROUND(CT69*I69,2) -> 0 | T69: =ROUND(CU69*I69,2) -> 0 | U69: =CV69*I69 -> 0 | V69: =CW69*I69 -> 0 | W69: =ROUND(CX69*I69,2) -> 0 | X69: =ROUND(CY69,2) -> 0 | Y69: =ROUND(CZ69,2) -> 0 | AA69: 86514064 | AB69: =(AC69+AD69+AF69) -> 38.08 | AC69: =(ES69) -> 0 | AD69: =(ET69) -> 38.08 | AE69: =(EU69) -> 0 | AF69: =(EV69) -> 0 | AG69: =(AP69) -> 0 | AH69: =(EW69) -> 0 | AI69: =(EX69) -> 0 | AJ69: =(AS69) -> 0 | AK69: 0 | AL69: 0 | AM69: 38.08 | AN69: 0 | AO69: 0 | AP69: 0 | AQ69: 0 | AR69: 0 | AS69: 0 | AT69: 94 | AU69: 61 | AV69: 1 | AW69: 1 | AZ69: 1 | BA69: 1 | BB69: 1 | BC69: 1 | BH69: 0 | BI69: 4 | BJ69: 15.2-30-42 | BM69: 0 | BN69: 0 | BO69: 15.2-30-42 | BP69: 1 | BQ69: 30 | BR69: 0 | BS69: 1 | BT69: 1 | BU69: 1 | BV69: 1 | BW69: 1 | BX69: 1 | BZ69: 94 | CA69: 61 | CE69: 0 | CF69: 0 | CG69: 0 | CM69: 0 | CO69: 0 | CP69: =(P69+Q69+S69) -> 127.57 | CQ69: =(AC69*BC69*AW69) -> 0 | CR69: =((ET69)*BB69*AV69) -> 38.08 | CS69: =(AE69*BS69*AV69) -> 0 | CT69: =(AF69*BA69*AV69) -> 0 | CU69: =AG69 -> 0 | CV69: =(AH69*AV69) -> 0 | CW69: =AI69 -> 0 | CX69: =AJ69 -> 0 | CY69: =(((S69+R69)*BZ69)/100) -> 0 | CZ69: =(((S69+R69)*CA69)/100) -> 0 | DN69: 0 | DO69: 0 | DP69: 1 | DQ69: 1 | DU69: 1009 | DV69: т | DW69: т | DX69: 1000 | EE69: 86330672 | EF69: 30 | EG69: Строительные работы | EH69: 0 | EJ69: 4 | EK69: 0 | EL69: Прочие работы | EM69: МЦЦС | EQ69: 0 | ER69: 0 | ES69: 0 | ET69: 38.08 | EU69: 0 | EV69: 0 | EW69: 0 | EX69: 0 | EY69: 0 | FQ69: 0 | FR69: 0 | FS69: 0 | FX69: 94 | FY69: 61 | GD69: 1 | GF69: 1520826422 | GG69: 2 | GH69: 0 | GI69: -2 | GJ69: 0 | GK69: 0 | GL69: =ROUND(IF(AND(BH69=3,BI69=3,FS69<>0),P69,0),2) -> 0 | GM69: =ROUND(O69+X69+Y69,2)+GX69 -> 127.57 | GN69: =IF(OR(BI69=0,BI69=1),GM69-GX69,0) -> 0 | GO69: =IF(BI69=2,GM69-GX69,0) -> 0 | GP69: =IF(BI69=4,GM69-GX69,0) -> 127.57 | GR69: 0 | GS69: 3 | GT69: 0 | GV69: =(GT69) -> 0 | GW69: 1 | GX69: =ROUND(HC69*I69,2) -> 0 | HA69: 0 | HB69: 0 | HC69: =GV69*GW69 -> 0 | HS69: 0 | IK69: 0
A70: 17 | B70: 1 | C70: =ROW(SmtRes!A8) -> 8 | D70: =ROW(EtalonRes!A8) -> 8 | E70: 4 | F70: 15.2-30-42 | G70: Перевозка строительного мусора на расстояние до 30 км автосамосвалами грузоподъемностью до 10 т | H70: т | I70: =ROUND(3.35,9) -> 3.35 | J70: 0 | K70: =ROUND(3.35,9) -> 3.35 | O70: =ROUND(CP70,2) -> 2414.86 | P70: =ROUND(CQ70*I70,2) -> 0 | Q70: =ROUND(CR70*I70,2) -> 2414.86 | R70: =ROUND(CS70*I70,2) -> 0 | S70: =ROUND(CT70*I70,2) -> 0 | T70: =ROUND(CU70*I70,2) -> 0 | U70: =CV70*I70 -> 0 | V70: =CW70*I70 -> 0 | W70: =ROUND(CX70*I70,2) -> 0 | X70: =ROUND(CY70,2) -> 0 | Y70: =ROUND(CZ70,2) -> 0 | AA70: 86514065 | AB70: =(AC70+AD70+AF70) -> 38.08 | AC70: =(ES70) -> 0 | AD70: =(ET70) -> 38.08 | AE70: =(EU70) -> 0 | AF70: =(EV70) -> 0 | AG70: =(AP70) -> 0 | AH70: =(EW70) -> 0 | AI70: =(EX70) -> 0 | AJ70: =(AS70) -> 0 | AK70: 0 | AL70: 0 | AM70: 38.08 | AN70: 0 | AO70: 0 | AP70: 0 | AQ70: 0 | AR70: 0 | AS70: 0 | AT70: 94 | AU70: 61 | AV70: 1 | AW70: 1 | AZ70: 1 | BA70: 57.76 | BB70: 18.93 | BC70: 1 | BH70: 0 | BI70: 4 | BJ70: 15.2-30-42 | BM70: 0 | BN70: 0 | BO70: 15.2-30-42 | BP70: 1 | BQ70: 30 | BR70: 0 | BS70: 57.76 | BT70: 1 | BU70: 1 | BV70: 1 | BW70: 1 | BX70: 1 | BZ70: 94 | CA70: 61 | CE70: 0 | CF70: 0 | CG70: 0 | CM70: 0 | CO70: 0 | CP70: =(P70+Q70+S70) -> 2414.86 | CQ70: =(AC70*BC70*AW70) -> 0 | CR70: =((ET70)*BB70*AV70) -> 720.8544 | CS70: =(AE70*BS70*AV70) -> 0 | CT70: =(AF70*BA70*AV70) -> 0 | CU70: =AG70 -> 0 | CV70: =(AH70*AV70) -> 0 | CW70: =AI70 -> 0 | CX70: =AJ70 -> 0 | CY70: =(S70+R70)*(BZ70/100) -> 0 | CZ70: =(S70+R70)*(CA70/100) -> 0 | DN70: 94 | DO70: 61 | DP70: 1 | DQ70: 1 | DU70: 1009 | DV70: т | DW70: т | DX70: 1000 | EE70: 86330672 | EF70: 30 | EG70: Строительные работы | EH70: 0 | EJ70: 4 | EK70: 0 | EL70: Прочие работы | EM70: МЦЦС | EQ70: 0 | ER70: 0 | ES70: 0 | ET70: 38.08 | EU70: 0 | EV70: 0 | EW70: 0 | EX70: 0 | EY70: 0 | FQ70: 0 | FR70: 0 | FS70: 0 | FX70: 94 | FY70: 61 | GD70: 1 | GF70: 1520826422 | GG70: 2 | GH70: 0 | GI70: -2 | GJ70: 0 | GK70: 0 | GL70: =ROUND(IF(AND(BH70=3,BI70=3,FS70<>0),P70,0),2) -> 0 | GM70: =ROUND(O70+X70+Y70,2)+GX70 -> 2414.86 | GN70: =IF(OR(BI70=0,BI70=1),GM70-GX70,0) -> 0 | GO70: =IF(BI70=2,GM70-GX70,0) -> 0 | GP70: =IF(BI70=4,GM70-GX70,0) -> 2414.86 | GR70: 0 | GS70: 3 | GT70: 0 | GV70: =(GT70) -> 0 | GW70: 1 | GX70: =ROUND(HC70*I70,2) -> 0 | HA70: 0 | HB70: 0 | HC70: =GV70*GW70 -> 0 | HS70: 0 | IK70: 0
A71: 17 | B71: 1 | C71: =ROW(SmtRes!A9) -> 9 | D71: =ROW(EtalonRes!A9) -> 9 | E71: 5 | F71: 15.1-1503-02 | G71: Отходы корчевания пней практически неопасные | H71: 1 Т | I71: =ROUND(3.35,9) -> 3.35 | J71: 0 | K71: =ROUND(3.35,9) -> 3.35 | O71: =ROUND(CP71,2) -> 300.03 | P71: =ROUND(CQ71*I71,2) -> 0 | Q71: =ROUND(CR71*I71,2) -> 300.03 | R71: =ROUND(CS71*I71,2) -> 0 | S71: =ROUND(CT71*I71,2) -> 0 | T71: =ROUND(CU71*I71,2) -> 0 | U71: =CV71*I71 -> 0 | V71: =CW71*I71 -> 0 | W71: =ROUND(CX71*I71,2) -> 0 | X71: =ROUND(CY71,2) -> 0 | Y71: =ROUND(CZ71,2) -> 0 | AA71: 86514064 | AB71: =(AC71+AD71+AF71) -> 89.56 | AC71: =(ES71) -> 0 | AD71: =(ET71) -> 89.56 | AE71: =(EU71) -> 0 | AF71: =(EV71) -> 0 | AG71: =(AP71) -> 0 | AH71: =(EW71) -> 0 | AI71: =(EX71) -> 0 | AJ71: =(AS71) -> 0 | AK71: 0 | AL71: 0 | AM71: 89.56 | AN71: 0 | AO71: 0 | AP71: 0 | AQ71: 0 | AR71: 0 | AS71: 0 | AT71: 0 | AU71: 0 | AV71: 1 | AW71: 1 | AZ71: 1 | BA71: 1 | BB71: 1 | BC71: 1 | BH71: 0 | BI71: 4 | BJ71: 15.1-1503-02 | BM71: 1109 | BN71: 0 | BO71: 15.1-1503-02 | BP71: 1 | BQ71: 150 | BR71: 0 | BS71: 1 | BT71: 1 | BU71: 1 | BV71: 1 | BW71: 1 | BX71: 1 | BZ71: 0 | CA71: 0 | CE71: 0 | CF71: 0 | CG71: 0 | CM71: 0 | CO71: 0 | CP71: =(P71+Q71+S71) -> 300.03 | CQ71: =(AC71*BC71*AW71) -> 0 | CR71: =((ET71)*BB71*AV71) -> 89.56 | CS71: =(AE71*BS71*AV71) -> 0 | CT71: =(AF71*BA71*AV71) -> 0 | CU71: =AG71 -> 0 | CV71: =(AH71*AV71) -> 0 | CW71: =AI71 -> 0 | CX71: =AJ71 -> 0 | CY71: =(((S71+R71)*BZ71)/100) -> 0 | CZ71: =(((S71+R71)*CA71)/100) -> 0 | DN71: 0 | DO71: 0 | DP71: 1 | DQ71: 1 | DU71: 1013 | DV71: 1 Т | DW71: 1 Т | DX71: 1 | EE71: 86331737 | EF71: 150 | EG71: Транспортные затраты | EH71: 0 | EJ71: 4 | EK71: 1109 | EL71: ТСН-2001.15-1. | EM71: ТСН-2001.15-1-1 | EQ71: 0 | ER71: 0 | ES71: 0 | ET71: 89.56 | EU71: 0 | EV71: 0 | EW71: 0 | EX71: 0 | EY71: 0 | FQ71: 0 | FR71: 0 | FS71: 0 | FX71: 0 | FY71: 0 | GD71: 1 | GF71: 140312394 | GG71: 2 | GH71: 0 | GI71: -2 | GJ71: 0 | GK71: 0 | GL71: =ROUND(IF(AND(BH71=3,BI71=3,FS71<>0),P71,0),2) -> 0 | GM71: =ROUND(O71+X71+Y71,2)+GX71 -> 300.03 | GN71: =IF(OR(BI71=0,BI71=1),GM71-GX71,0) -> 0 | GO71: =IF(BI71=2,GM71-GX71,0) -> 0 | GP71: =IF(BI71=4,GM71-GX71,0) -> 300.03 | GR71: 0 | GS71: 3 | GT71: 0 | GV71: =(GT71) -> 0 | GW71: 1 | GX71: =ROUND(HC71*I71,2) -> 0 | HA71: 0 | HB71: 0 | HC71: =GV71*GW71 -> 0 | HS71: 0 | IK71: 0
A72: 17 | B72: 1 | C72: =ROW(SmtRes!A10) -> 10 | D72: =ROW(EtalonRes!A10) -> 10 | E72: 5 | F72: 15.1-1503-02 | G72: Отходы корчевания пней практически неопасные | H72: 1 Т | I72: =ROUND(3.35,9) -> 3.35 | J72: 0 | K72: =ROUND(3.35,9) -> 3.35 | O72: =ROUND(CP72,2) -> 1593.14 | P72: =ROUND(CQ72*I72,2) -> 0 | Q72: =ROUND(CR72*I72,2) -> 1593.14 | R72: =ROUND(CS72*I72,2) -> 0 | S72: =ROUND(CT72*I72,2) -> 0 | T72: =ROUND(CU72*I72,2) -> 0 | U72: =CV72*I72 -> 0 | V72: =CW72*I72 -> 0 | W72: =ROUND(CX72*I72,2) -> 0 | X72: =ROUND(CY72,2) -> 0 | Y72: =ROUND(CZ72,2) -> 0 | AA72: 86514065 | AB72: =(AC72+AD72+AF72) -> 89.56 | AC72: =(ES72) -> 0 | AD72: =(ET72) -> 89.56 | AE72: =(EU72) -> 0 | AF72: =(EV72) -> 0 | AG72: =(AP72) -> 0 | AH72: =(EW72) -> 0 | AI72: =(EX72) -> 0 | AJ72: =(AS72) -> 0 | AK72: 0 | AL72: 0 | AM72: 89.56 | AN72: 0 | AO72: 0 | AP72: 0 | AQ72: 0 | AR72: 0 | AS72: 0 | AT72: 0 | AU72: 0 | AV72: 1 | AW72: 1 | AZ72: 1 | BA72: 57.76 | BB72: 5.31 | BC72: 1 | BH72: 0 | BI72: 4 | BJ72: 15.1-1503-02 | BM72: 1109 | BN72: 0 | BO72: 15.1-1503-02 | BP72: 1 | BQ72: 150 | BR72: 0 | BS72: 57.76 | BT72: 1 | BU72: 1 | BV72: 1 | BW72: 1 | BX72: 1 | BZ72: 0 | CA72: 0 | CE72: 0 | CF72: 0 | CG72: 0 | CM72: 0 | CO72: 0 | CP72: =(P72+Q72+S72) -> 1593.14 | CQ72: =(AC72*BC72*AW72) -> 0 | CR72: =((ET72)*BB72*AV72) -> 475.5636 | CS72: =(AE72*BS72*AV72) -> 0 | CT72: =(AF72*BA72*AV72) -> 0 | CU72: =AG72 -> 0 | CV72: =(AH72*AV72) -> 0 | CW72: =AI72 -> 0 | CX72: =AJ72 -> 0 | CY72: =(S72+R72)*(BZ72/100) -> 0 | CZ72: =(S72+R72)*(CA72/100) -> 0 | DN72: 0 | DO72: 0 | DP72: 1 | DQ72: 1 | DU72: 1013 | DV72: 1 Т | DW72: 1 Т | DX72: 1 | EE72: 86331737 | EF72: 150 | EG72: Транспортные затраты | EH72: 0 | EJ72: 4 | EK72: 1109 | EL72: ТСН-2001.15-1. | EM72: ТСН-2001.15-1-1 | EQ72: 0 | ER72: 0 | ES72: 0 | ET72: 89.56 | EU72: 0 | EV72: 0 | EW72: 0 | EX72: 0 | EY72: 0 | FQ72: 0 | FR72: 0 | FS72: 0 | FX72: 0 | FY72: 0 | GD72: 1 | GF72: 140312394 | GG72: 2 | GH72: 0 | GI72: -2 | GJ72: 0 | GK72: 0 | GL72: =ROUND(IF(AND(BH72=3,BI72=3,FS72<>0),P72,0),2) -> 0 | GM72: =ROUND(O72+X72+Y72,2)+GX72 -> 1593.14 | GN72: =IF(OR(BI72=0,BI72=1),GM72-GX72,0) -> 0 | GO72: =IF(BI72=2,GM72-GX72,0) -> 0 | GP72: =IF(BI72=4,GM72-GX72,0) -> 1593.14 | GR72: 0 | GS72: 3 | GT72: 0 | GV72: =(GT72) -> 0 | GW72: 1 | GX72: =ROUND(HC72*I72,2) -> 0 | HA72: 0 | HB72: 0 | HC72: =GV72*GW72 -> 0 | HS72: 0 | IK72: 0
A74: 51 | B74: =B65 -> 1 | C74: =A65 -> 4 | D74: =ROW(A65) -> 65 | F74: =IF(F65<>"",F65,"") -> 5 | G74: =IF(G65<>"",G65,"") -> Перевозка и приём отходов корчевания пней | H74: 0 | O74: =ROUND(AB74,2) -> 427.6 | P74: =ROUND(AC74,2) -> 0 | Q74: =ROUND(AD74,2) -> 427.6 | R74: =ROUND(AE74,2) -> 0 | S74: =ROUND(AF74,2) -> 0 | T74: =ROUND(AG74,2) -> 0 | U74: =AH74 -> 0 | V74: =AI74 -> 0 | W74: =ROUND(AJ74,2) -> 0 | X74: =ROUND(AK74,2) -> 0 | Y74: =ROUND(AL74,2) -> 0 | AB74: =ROUND(SUMIF(AA69:AA72,"=86514064",O69:O72),2) -> 427.6 | AC74: =ROUND(SUMIF(AA69:AA72,"=86514064",P69:P72),2) -> 0 | AD74: =ROUND(SUMIF(AA69:AA72,"=86514064",Q69:Q72),2) -> 427.6 | AE74: =ROUND(SUMIF(AA69:AA72,"=86514064",R69:R72),2) -> 0 | AF74: =ROUND(SUMIF(AA69:AA72,"=86514064",S69:S72),2) -> 0 | AG74: =ROUND(SUMIF(AA69:AA72,"=86514064",T69:T72),2) -> 0 | AH74: =SUMIF(AA69:AA72,"=86514064",U69:U72) -> 0 | AI74: =SUMIF(AA69:AA72,"=86514064",V69:V72) -> 0 | AJ74: =ROUND(SUMIF(AA69:AA72,"=86514064",W69:W72),2) -> 0 | AK74: =ROUND(SUMIF(AA69:AA72,"=86514064",X69:X72),2) -> 0 | AL74: =ROUND(SUMIF(AA69:AA72,"=86514064",Y69:Y72),2) -> 0 | AO74: =ROUND(BX74,2) -> 0 | AP74: =ROUND(BY74,2) -> 0 | AQ74: =ROUND(BZ74,2) -> 0 | AR74: =ROUND(CA74,2) -> 427.6 | AS74: =ROUND(CB74,2) -> 0 | AT74: =ROUND(CC74,2) -> 0 | AU74: =ROUND(CD74,2) -> 427.6 | AV74: =ROUND(CE74,2) -> 0 | ... BD74: =ROUND(CM74,2) -> 0 | BX74: =ROUND(SUMIF(AA69:AA72,"=86514064",FQ69:FQ72),2) -> 0 | BY74: =ROUND(SUMIF(AA69:AA72,"=86514064",FR69:FR72),2) -> 0 | BZ74: =ROUND(SUMIF(AA69:AA72,"=86514064",GL69:GL72),2) -> 0 | CA74: =ROUND(SUMIF(AA69:AA72,"=86514064",GM69:GM72),2) -> 427.6 | CB74: =ROUND(SUMIF(AA69:AA72,"=86514064",GN69:GN72),2) -> 0 | CC74: =ROUND(SUMIF(AA69:AA72,"=86514064",GO69:GO72),2) -> 0 | CD74: =ROUND(SUMIF(AA69:AA72,"=86514064",GP69:GP72),2) -> 427.6 | CE74: =AC74-BX74 -> 0 | CF74: =AC74-BY74 -> 0 | CG74: =BX74-BZ74 -> 0 | CH74: =AC74-BX74-BY74+BZ74 -> 0 | CI74: =BY74-BZ74 -> 0 | CJ74: =ROUND(SUMIF(AA69:AA72,"=86514064",GX69:GX72),2) -> 0 | CK74: =ROUND(SUMIF(AA69:AA72,"=86514064",GY69:GY72),2) -> 0 | CL74: =ROUND(SUMIF(AA69:AA72,"=86514064",GZ69:GZ72),2) -> 0 | CM74: =ROUND(SUMIF(AA69:AA72,"=86514064",HD69:HD72),2) -> 0 | DG74: =ROUND(DT74,2) -> 4008 | DH74: =ROUND(DU74,2) -> 0 | DI74: =ROUND(DV74,2) -> 4008 | DJ74: =ROUND(DW74,2) -> 0 | DK74: =ROUND(DX74,2) -> 0 | DL74: =ROUND(DY74,2) -> 0 | DM74: =DZ74 -> 0 | DN74: =EA74 -> 0 | DO74: =ROUND(EB74,2) -> 0 | DP74: =ROUND(EC74,2) -> 0 | DQ74: =ROUND(ED74,2) -> 0 | DT74: =ROUND(SUMIF(AA69:AA72,"=86514065",O69:O72),2) -> 4008 | DU74: =ROUND(SUMIF(AA69:AA72,"=86514065",P69:P72),2) -> 0 | DV74: =ROUND(SUMIF(AA69:AA72,"=86514065",Q69:Q72),2) -> 4008 | DW74: =ROUND(SUMIF(AA69:AA72,"=86514065",R69:R72),2) -> 0 | DX74: =ROUND(SUMIF(AA69:AA72,"=86514065",S69:S72),2) -> 0 | DY74: =ROUND(SUMIF(AA69:AA72,"=86514065",T69:T72),2) -> 0 | DZ74: =SUMIF(AA69:AA72,"=86514065",U69:U72) -> 0 | EA74: =SUMIF(AA69:AA72,"=86514065",V69:V72) -> 0 | EB74: =ROUND(SUMIF(AA69:AA72,"=86514065",W69:W72),2) -> 0 | EC74: =ROUND(SUMIF(AA69:AA72,"=86514065",X69:X72),2) -> 0 | ED74: =ROUND(SUMIF(AA69:AA72,"=86514065",Y69:Y72),2) -> 0 | EG74: =ROUND(FP74,2) -> 0 | EH74: =ROUND(FQ74,2) -> 0 | EI74: =ROUND(FR74,2) -> 0 | EJ74: =ROUND(FS74,2) -> 4008 | EK74: =ROUND(FT74,2) -> 0 | EL74: =ROUND(FU74,2) -> 0 | EM74: =ROUND(FV74,2) -> 4008 | EN74: =ROUND(FW74,2) -> 0 | ... EV74: =ROUND(GE74,2) -> 0 | FP74: =ROUND(SUMIF(AA69:AA72,"=86514065",FQ69:FQ72),2) -> 0 | FQ74: =ROUND(SUMIF(AA69:AA72,"=86514065",FR69:FR72),2) -> 0 | FR74: =ROUND(SUMIF(AA69:AA72,"=86514065",GL69:GL72),2) -> 0 | FS74: =ROUND(SUMIF(AA69:AA72,"=86514065",GM69:GM72),2) -> 4008 | FT74: =ROUND(SUMIF(AA69:AA72,"=86514065",GN69:GN72),2) -> 0 | FU74: =ROUND(SUMIF(AA69:AA72,"=86514065",GO69:GO72),2) -> 0 | FV74: =ROUND(SUMIF(AA69:AA72,"=86514065",GP69:GP72),2) -> 4008 | FW74: =DU74-FP74 -> 0 | FX74: =DU74-FQ74 -> 0 | FY74: =FP74-FR74 -> 0 | FZ74: =DU74-FP74-FQ74+FR74 -> 0 | GA74: =FQ74-FR74 -> 0 | GB74: =ROUND(SUMIF(AA69:AA72,"=86514065",GX69:GX72),2) -> 0 | GC74: =ROUND(SUMIF(AA69:AA72,"=86514065",GY69:GY72),2) -> 0 | GD74: =ROUND(SUMIF(AA69:AA72,"=86514065",GZ69:GZ72),2) -> 0 | GE74: =ROUND(SUMIF(AA69:AA72,"=86514065",HD69:HD72),2) -> 0 | GX74: 0
A76: 50 | B76: 0 | C76: 0 | D76: 1 | E76: 201 | F76: =ROUND(Source!O74,O76) -> 427.6 | G76: ПЗ | H76: Прямые затраты | K76: 201 | L76: 1 | M76: 3 | O76: 2 | P76: =ROUND(Source!DG74,O76) -> 4008 | W76: 427.6 | X76: 1 | Y76: 427.6 | Z76: 4008 | AA76: 1 | AB76: 4008
A77: 50 | B77: 0 | C77: 0 | D77: 1 | E77: 202 | F77: =ROUND(Source!P74,O77) -> 0 | G77: СтМатОб | H77: Стоимость материальных ресурсов (всего) | K77: 202 | L77: 2 | M77: 3 | O77: 2 | P77: =ROUND(Source!DH74,O77) -> 0 | W77: 0 | X77: 1 | Y77: 0 | Z77: 0 | AA77: 1 | AB77: 0
A78: 50 | B78: 0 | C78: 0 | D78: 1 | E78: 222 | F78: =ROUND(Source!AO74,O78) -> 0 | G78: СтМатОбЗак | H78: Стоимость материалов и оборудования заказчика | K78: 222 | L78: 3 | M78: 3 | O78: 2 | P78: =ROUND(Source!EG74,O78) -> 0 | W78: 0 | X78: 1 | Y78: 0 | Z78: 0 | AA78: 1 | AB78: 0
A79: 50 | B79: 0 | C79: 0 | D79: 1 | E79: 225 | F79: =ROUND(Source!AV74,O79) -> 0 | G79: СтМатОбПод | H79: Стоимость материалов и оборудования подрядчика | K79: 225 | L79: 4 | M79: 3 | O79: 2 | P79: =ROUND(Source!EN74,O79) -> 0 | W79: 0 | X79: 1 | Y79: 0 | Z79: 0 | AA79: 1 | AB79: 0
A80: 50 | B80: 0 | C80: 0 | D80: 1 | E80: 226 | F80: =ROUND(Source!AW74,O80) -> 0 | G80: СтМат | H80: Стоимость материалов (всего) | K80: 226 | L80: 5 | M80: 3 | O80: 2 | P80: =ROUND(Source!EO74,O80) -> 0 | W80: 0 | X80: 1 | Y80: 0 | Z80: 0 | AA80: 1 | AB80: 0
A81: 50 | B81: 0 | C81: 0 | D81: 1 | E81: 227 | F81: =ROUND(Source!AX74,O81) -> 0 | G81: СтМатЗак | H81: Стоимость материалов заказчика | K81: 227 | L81: 6 | M81: 3 | O81: 2 | P81: =ROUND(Source!EP74,O81) -> 0 | W81: 0 | X81: 1 | Y81: 0 | Z81: 0 | AA81: 1 | AB81: 0
A82: 50 | B82: 0 | C82: 0 | D82: 1 | E82: 228 | F82: =ROUND(Source!AY74,O82) -> 0 | G82: СтМатПод | H82: Стоимость материалов подрядчика | K82: 228 | L82: 7 | M82: 3 | O82: 2 | P82: =ROUND(Source!EQ74,O82) -> 0 | W82: 0 | X82: 1 | Y82: 0 | Z82: 0 | AA82: 1 | AB82: 0
A83: 50 | B83: 0 | C83: 0 | D83: 1 | E83: 216 | F83: =ROUND(Source!AP74,O83) -> 0 | G83: Оборуд | H83: Стоимость оборудования (всего) | K83: 216 | L83: 8 | M83: 3 | O83: 2 | P83: =ROUND(Source!EH74,O83) -> 0 | W83: 0 | X83: 1 | Y83: 0 | Z83: 0 | AA83: 1 | AB83: 0
A84: 50 | B84: 0 | C84: 0 | D84: 1 | E84: 223 | F84: =ROUND(Source!AQ74,O84) -> 0 | G84: ОборудЗак | H84: Стоимость оборудования заказчика | K84: 223 | L84: 9 | M84: 3 | O84: 2 | P84: =ROUND(Source!EI74,O84) -> 0 | W84: 0 | X84: 1 | Y84: 0 | Z84: 0 | AA84: 1 | AB84: 0
A85: 50 | B85: 0 | C85: 0 | D85: 1 | E85: 229 | F85: =ROUND(Source!AZ74,O85) -> 0 | G85: ОборудПод | H85: Стоимость оборудования подрядчика | K85: 229 | L85: 10 | M85: 3 | O85: 2 | P85: =ROUND(Source!ER74,O85) -> 0 | W85: 0 | X85: 1 | Y85: 0 | Z85: 0 | AA85: 1 | AB85: 0
A86: 50 | B86: 0 | C86: 0 | D86: 1 | E86: 203 | F86: =ROUND(Source!Q74,O86) -> 427.6 | G86: ЭММ | H86: Эксплуатация машин | K86: 203 | L86: 11 | M86: 3 | O86: 2 | P86: =ROUND(Source!DI74,O86) -> 4008 | W86: 427.6 | X86: 1 | Y86: 427.6 | Z86: 4008 | AA86: 1 | AB86: 4008
A87: 50 | B87: 0 | C87: 0 | D87: 1 | E87: 231 | F87: =ROUND(Source!BB74,O87) -> 0 | G87: ЭММсНРиСП | H87: Эксплуатация машин по ТСН-2001.16 | K87: 231 | L87: 12 | M87: 3 | O87: 2 | P87: =ROUND(Source!ET74,O87) -> 0 | W87: 0 | X87: 1 | Y87: 0 | Z87: 0 | AA87: 1 | AB87: 0
A88: 50 | B88: 0 | C88: 0 | D88: 1 | E88: 204 | F88: =ROUND(Source!R74,O88) -> 0 | G88: ЗПМ | H88: ЗП машинистов | K88: 204 | L88: 13 | M88: 3 | O88: 2 | P88: =ROUND(Source!DJ74,O88) -> 0 | W88: 0 | X88: 1 | Y88: 0 | Z88: 0 | AA88: 1 | AB88: 0
A89: 50 | B89: 0 | C89: 0 | D89: 1 | E89: 205 | F89: =ROUND(Source!S74,O89) -> 0 | G89: ОЗП | H89: Основная ЗП рабочих | K89: 205 | L89: 14 | M89: 3 | O89: 2 | P89: =ROUND(Source!DK74,O89) -> 0 | W89: 0 | X89: 1 | Y89: 0 | Z89: 0 | AA89: 1 | AB89: 0
A90: 50 | B90: 0 | C90: 0 | D90: 1 | E90: 232 | F90: =ROUND(Source!BC74,O90) -> 0 | G90: ОЗПсНРиСП | H90: Основная ЗП рабочих по ТСН-2001.16 | K90: 232 | L90: 15 | M90: 3 | O90: 2 | P90: =ROUND(Source!EU74,O90) -> 0 | W90: 0 | X90: 1 | Y90: 0 | Z90: 0 | AA90: 1 | AB90: 0
A91: 50 | B91: 0 | C91: 0 | D91: 1 | E91: 214 | F91: =ROUND(Source!AS74,O91) -> 0 | G91: Строит | H91: Строительные работы с НР и СП | K91: 214 | L91: 16 | M91: 3 | O91: 2 | P91: =ROUND(Source!EK74,O91) -> 0 | W91: 0 | X91: 1 | Y91: 0 | Z91: 0 | AA91: 1 | AB91: 0
A92: 50 | B92: 0 | C92: 0 | D92: 1 | E92: 215 | F92: =ROUND(Source!AT74,O92) -> 0 | G92: Монтаж | H92: Монтажные работы с НР и СП | K92: 215 | L92: 17 | M92: 3 | O92: 2 | P92: =ROUND(Source!EL74,O92) -> 0 | W92: 0 | X92: 1 | Y92: 0 | Z92: 0 | AA92: 1 | AB92: 0
A93: 50 | B93: 0 | C93: 0 | D93: 1 | E93: 217 | F93: =ROUND(Source!AU74,O93) -> 427.6 | G93: Прочие | H93: Прочие работы с НР и СП | K93: 217 | L93: 18 | M93: 3 | O93: 2 | P93: =ROUND(Source!EM74,O93) -> 4008 | W93: 427.6 | X93: 1 | Y93: 427.6 | Z93: 4008 | AA93: 1 | AB93: 4008
A94: 50 | B94: 0 | C94: 0 | D94: 1 | E94: 230 | F94: =ROUND(Source!BA74,O94) -> 0 | G94: ПрочиеЗатр | H94: Прочие затраты по ТСН-2001.16 | K94: 230 | L94: 19 | M94: 3 | O94: 2 | P94: =ROUND(Source!ES74,O94) -> 0 | W94: 0 | X94: 1 | Y94: 0 | Z94: 0 | AA94: 1 | AB94: 0
A95: 50 | B95: 0 | C95: 0 | D95: 1 | E95: 206 | F95: =ROUND(Source!T74,O95) -> 0 | G95: ВозврМат | H95: Возврат материалов | K95: 206 | L95: 20 | M95: 3 | O95: 2 | P95: =ROUND(Source!DL74,O95) -> 0 | W95: 0 | X95: 1 | Y95: 0 | Z95: 0 | AA95: 1 | AB95: 0
A96: 50 | B96: 0 | C96: 0 | D96: 1 | E96: 207 | F96: =Source!U74 -> 0 | G96: ТрудСтр | H96: Трудозатраты строителей | K96: 207 | L96: 21 | M96: 3 | O96: -1 | P96: =Source!DM74 -> 0 | W96: 0 | X96: 1 | Y96: 0 | Z96: 0 | AA96: 1 | AB96: 0
A97: 50 | B97: 0 | C97: 0 | D97: 1 | E97: 208 | F97: =Source!V74 -> 0 | G97: ТрудМаш | H97: Трудозатраты машинистов | K97: 208 | L97: 22 | M97: 3 | O97: -1 | P97: =Source!DN74 -> 0 | W97: 0 | X97: 1 | Y97: 0 | Z97: 0 | AA97: 1 | AB97: 0
A98: 50 | B98: 0 | C98: 0 | D98: 1 | E98: 209 | F98: =ROUND(Source!W74,O98) -> 0 | G98: ТранспМат | H98: Транспорт материалов | K98: 209 | L98: 23 | M98: 3 | O98: 2 | P98: =ROUND(Source!DO74,O98) -> 0 | W98: 0 | X98: 1 | Y98: 0 | Z98: 0 | AA98: 1 | AB98: 0
A99: 50 | B99: 0 | C99: 0 | D99: 1 | E99: 233 | F99: =ROUND(Source!BD74,O99) -> 0 | G99: Перевозка | H99: Перевозка грузов | K99: 233 | L99: 24 | M99: 3 | O99: 2 | P99: =ROUND(Source!EV74,O99) -> 0 | W99: 0 | X99: 1 | Y99: 0 | Z99: 0 | AA99: 1 | AB99: 0
A100: 50 | B100: 0 | C100: 0 | D100: 1 | E100: 210 | F100: =ROUND(Source!X74,O100) -> 0 | G100: НР | H100: Накладные расходы | K100: 210 | L100: 25 | M100: 3 | O100: 2 | P100: =ROUND(Source!DP74,O100) -> 0 | W100: 0 | X100: 1 | Y100: 0 | Z100: 0 | AA100: 1 | AB100: 0
A101: 50 | B101: 0 | C101: 0 | D101: 1 | E101: 211 | F101: =ROUND(Source!Y74,O101) -> 0 | G101: СмПриб | H101: Сметная прибыль | K101: 211 | L101: 26 | M101: 3 | O101: 2 | P101: =ROUND(Source!DQ74,O101) -> 0 | W101: 0 | X101: 1 | Y101: 0 | Z101: 0 | AA101: 1 | AB101: 0
A102: 50 | B102: 0 | C102: 0 | D102: 1 | E102: 224 | F102: =ROUND(Source!AR74,O102) -> 427.6 | G102: Всего | H102: Всего с НР и СП | K102: 224 | L102: 27 | M102: 3 | O102: 2 | P102: =ROUND(Source!EJ74,O102) -> 4008 | W102: 427.6 | X102: 1 | Y102: 427.6 | Z102: 4008 | AA102: 1 | AB102: 4008
A104: 51 | B104: =B20 -> 1 | C104: =A20 -> 3 | D104: =ROW(A20) -> 20 | F104: =IF(F20<>"",F20,"") -> СР-09-02 | G104: =IF(G20<>"",G20,"") -> Перевозка и приём порубочных остатков | H104: 0 | O104: =ROUND(O35+O74+AB104,2) -> 2757.05 | P104: =ROUND(P35+P74+AC104,2) -> 0 | Q104: =ROUND(Q35+Q74+AD104,2) -> 2757.05 | R104: =ROUND(R35+R74+AE104,2) -> 0 | S104: =ROUND(S35+S74+AF104,2) -> 0 | T104: =ROUND(T35+T74+AG104,2) -> 0 | U104: =U35+U74+AH104 -> 0 | V104: =V35+V74+AI104 -> 0 | W104: =ROUND(W35+W74+AJ104,2) -> 0 | X104: =ROUND(X35+X74+AK104,2) -> 0 | Y104: =ROUND(Y35+Y74+AL104,2) -> 0 | AO104: =ROUND(AO35+AO74+BX104,2) -> 0 | AP104: =ROUND(AP35+AP74+BY104,2) -> 0 | AQ104: =ROUND(AQ35+AQ74+BZ104,2) -> 0 | AR104: =ROUND(AR35+AR74+CA104,2) -> 2757.05 | AS104: =ROUND(AS35+AS74+CB104,2) -> 0 | AT104: =ROUND(AT35+AT74+CC104,2) -> 0 | AU104: =ROUND(AU35+AU74+CD104,2) -> 2757.05 | AV104: =ROUND(AV35+AV74+CE104,2) -> 0 | ... BD104: =ROUND(BD35+BD74+CM104,2) -> 0 | DG104: =ROUND(DG35+DG74+DT104,2) -> 39613.84 | DH104: =ROUND(DH35+DH74+DU104,2) -> 0 | DI104: =ROUND(DI35+DI74+DV104,2) -> 39613.84 | DJ104: =ROUND(DJ35+DJ74+DW104,2) -> 0 | DK104: =ROUND(DK35+DK74+DX104,2) -> 0 | DL104: =ROUND(DL35+DL74+DY104,2) -> 0 | DM104: =DM35+DM74+DZ104 -> 0 | DN104: =DN35+DN74+EA104 -> 0 | DO104: =ROUND(DO35+DO74+EB104,2) -> 0 | DP104: =ROUND(DP35+DP74+EC104,2) -> 0 | DQ104: =ROUND(DQ35+DQ74+ED104,2) -> 0 | EG104: =ROUND(EG35+EG74+FP104,2) -> 0 | EH104: =ROUND(EH35+EH74+FQ104,2) -> 0 | EI104: =ROUND(EI35+EI74+FR104,2) -> 0 | EJ104: =ROUND(EJ35+EJ74+FS104,2) -> 39613.84 | EK104: =ROUND(EK35+EK74+FT104,2) -> 0 | EL104: =ROUND(EL35+EL74+FU104,2) -> 0 | EM104: =ROUND(EM35+EM74+FV104,2) -> 39613.84 | EN104: =ROUND(EN35+EN74+FW104,2) -> 0 | ... EV104: =ROUND(EV35+EV74+GE104,2) -> 0 | GX104: 0
A106: 50 | B106: 0 | C106: 0 | D106: 1 | E106: 201 | F106: =ROUND(Source!O104,O106) -> 2757.05 | G106: ПЗ | H106: Прямые затраты | K106: 201 | L106: 1 | M106: 3 | O106: 2 | P106: =ROUND(Source!DG104,O106) -> 39613.84 | W106: 2757.05 | X106: 1 | Y106: 2757.05 | Z106: 39613.84 | AA106: 1 | AB106: 39613.84
A107: 50 | B107: 0 | C107: 0 | D107: 1 | E107: 202 | F107: =ROUND(Source!P104,O107) -> 0 | G107: СтМатОб | H107: Стоимость материальных ресурсов (всего) | K107: 202 | L107: 2 | M107: 3 | O107: 2 | P107: =ROUND(Source!DH104,O107) -> 0 | W107: 0 | X107: 1 | Y107: 0 | Z107: 0 | AA107: 1 | AB107: 0
A108: 50 | B108: 0 | C108: 0 | D108: 1 | E108: 222 | F108: =ROUND(Source!AO104,O108) -> 0 | G108: СтМатОбЗак | H108: Стоимость материалов и оборудования заказчика | K108: 222 | L108: 3 | M108: 3 | O108: 2 | P108: =ROUND(Source!EG104,O108) -> 0 | W108: 0 | X108: 1 | Y108: 0 | Z108: 0 | AA108: 1 | AB108: 0
A109: 50 | B109: 0 | C109: 0 | D109: 1 | E109: 225 | F109: =ROUND(Source!AV104,O109) -> 0 | G109: СтМатОбПод | H109: Стоимость материалов и оборудования подрядчика | K109: 225 | L109: 4 | M109: 3 | O109: 2 | P109: =ROUND(Source!EN104,O109) -> 0 | W109: 0 | X109: 1 | Y109: 0 | Z109: 0 | AA109: 1 | AB109: 0
A110: 50 | B110: 0 | C110: 0 | D110: 1 | E110: 226 | F110: =ROUND(Source!AW104,O110) -> 0 | G110: СтМат | H110: Стоимость материалов (всего) | K110: 226 | L110: 5 | M110: 3 | O110: 2 | P110: =ROUND(Source!EO104,O110) -> 0 | W110: 0 | X110: 1 | Y110: 0 | Z110: 0 | AA110: 1 | AB110: 0
A111: 50 | B111: 0 | C111: 0 | D111: 1 | E111: 227 | F111: =ROUND(Source!AX104,O111) -> 0 | G111: СтМатЗак | H111: Стоимость материалов заказчика | K111: 227 | L111: 6 | M111: 3 | O111: 2 | P111: =ROUND(Source!EP104,O111) -> 0 | W111: 0 | X111: 1 | Y111: 0 | Z111: 0 | AA111: 1 | AB111: 0
A112: 50 | B112: 0 | C112: 0 | D112: 1 | E112: 228 | F112: =ROUND(Source!AY104,O112) -> 0 | G112: СтМатПод | H112: Стоимость материалов подрядчика | K112: 228 | L112: 7 | M112: 3 | O112: 2 | P112: =ROUND(Source!EQ104,O112) -> 0 | W112: 0 | X112: 1 | Y112: 0 | Z112: 0 | AA112: 1 | AB112: 0
A113: 50 | B113: 0 | C113: 0 | D113: 1 | E113: 216 | F113: =ROUND(Source!AP104,O113) -> 0 | G113: Оборуд | H113: Стоимость оборудования (всего) | K113: 216 | L113: 8 | M113: 3 | O113: 2 | P113: =ROUND(Source!EH104,O113) -> 0 | W113: 0 | X113: 1 | Y113: 0 | Z113: 0 | AA113: 1 | AB113: 0
A114: 50 | B114: 1 | C114: 0 | D114: 1 | E114: 223 | F114: =ROUND(Source!AQ104,O114) -> 0 | G114: ОборудЗак | H114: Стоимость оборудования заказчика | K114: 223 | L114: 9 | M114: 0 | O114: 2 | P114: =ROUND(Source!EI104,O114) -> 0 | W114: 0 | X114: 1 | Y114: 0 | Z114: 0 | AA114: 1 | AB114: 0
A115: 50 | B115: 0 | C115: 0 | D115: 1 | E115: 229 | F115: =ROUND(Source!AZ104,O115) -> 0 | G115: ОборудПод | H115: Стоимость оборудования подрядчика | K115: 229 | L115: 10 | M115: 3 | O115: 2 | P115: =ROUND(Source!ER104,O115) -> 0 | W115: 0 | X115: 1 | Y115: 0 | Z115: 0 | AA115: 1 | AB115: 0
A116: 50 | B116: 0 | C116: 0 | D116: 1 | E116: 203 | F116: =ROUND(Source!Q104,O116) -> 2757.05 | G116: ЭММ | H116: Эксплуатация машин | K116: 203 | L116: 11 | M116: 3 | O116: 2 | P116: =ROUND(Source!DI104,O116) -> 39613.84 | W116: 2757.05 | X116: 1 | Y116: 2757.05 | Z116: 39613.84 | AA116: 1 | AB116: 39613.84
A117: 50 | B117: 0 | C117: 0 | D117: 1 | E117: 231 | F117: =ROUND(Source!BB104,O117) -> 0 | G117: ЭММсНРиСП | H117: Эксплуатация машин по ТСН-2001.16 | K117: 231 | L117: 12 | M117: 3 | O117: 2 | P117: =ROUND(Source!ET104,O117) -> 0 | W117: 0 | X117: 1 | Y117: 0 | Z117: 0 | AA117: 1 | AB117: 0
A118: 50 | B118: 0 | C118: 0 | D118: 1 | E118: 204 | F118: =ROUND(Source!R104,O118) -> 0 | G118: ЗПМ | H118: ЗП машинистов | K118: 204 | L118: 13 | M118: 3 | O118: 2 | P118: =ROUND(Source!DJ104,O118) -> 0 | W118: 0 | X118: 1 | Y118: 0 | Z118: 0 | AA118: 1 | AB118: 0
A119: 50 | B119: 0 | C119: 0 | D119: 1 | E119: 205 | F119: =ROUND(Source!S104,O119) -> 0 | G119: ОЗП | H119: Основная ЗП рабочих | K119: 205 | L119: 14 | M119: 3 | O119: 2 | P119: =ROUND(Source!DK104,O119) -> 0 | W119: 0 | X119: 1 | Y119: 0 | Z119: 0 | AA119: 1 | AB119: 0
A120: 50 | B120: 0 | C120: 0 | D120: 1 | E120: 214 | F120: =ROUND(Source!AS104,O120) -> 0 | G120: Строит | H120: Строительные работы с НР и СП | K120: 214 | L120: 15 | M120: 3 | O120: 2 | P120: =ROUND(Source!EK104,O120) -> 0 | W120: 0 | X120: 1 | Y120: 0 | Z120: 0 | AA120: 1 | AB120: 0
A121: 50 | B121: 0 | C121: 0 | D121: 1 | E121: 232 | F121: =ROUND(Source!BC104,O121) -> 0 | G121: ОЗПсНРиСП | H121: Основная ЗП рабочих по ТСН-2001.16 | K121: 232 | L121: 16 | M121: 3 | O121: 2 | P121: =ROUND(Source!EU104,O121) -> 0 | W121: 0 | X121: 1 | Y121: 0 | Z121: 0 | AA121: 1 | AB121: 0
A122: 50 | B122: 0 | C122: 0 | D122: 1 | E122: 215 | F122: =ROUND(Source!AT104,O122) -> 0 | G122: Монтаж | H122: Монтажные работы с НР и СП | K122: 215 | L122: 17 | M122: 3 | O122: 2 | P122: =ROUND(Source!EL104,O122) -> 0 | W122: 0 | X122: 1 | Y122: 0 | Z122: 0 | AA122: 1 | AB122: 0
A123: 50 | B123: 0 | C123: 0 | D123: 1 | E123: 217 | F123: =ROUND(Source!AU104,O123) -> 2757.05 | G123: Прочие | H123: Прочие работы с НР и СП | K123: 217 | L123: 18 | M123: 3 | O123: 2 | P123: =ROUND(Source!EM104,O123) -> 39613.84 | W123: 2757.05 | X123: 1 | Y123: 2757.05 | Z123: 39613.84 | AA123: 1 | AB123: 39613.84
A124: 50 | B124: 0 | C124: 0 | D124: 1 | E124: 230 | F124: =ROUND(Source!BA104,O124) -> 0 | G124: ПрочиеЗатр | H124: Прочие затраты по ТСН-2001.16 | K124: 230 | L124: 19 | M124: 3 | O124: 2 | P124: =ROUND(Source!ES104,O124) -> 0 | W124: 0 | X124: 1 | Y124: 0 | Z124: 0 | AA124: 1 | AB124: 0
A125: 50 | B125: 0 | C125: 0 | D125: 1 | E125: 206 | F125: =ROUND(Source!T104,O125) -> 0 | G125: ВозврМат | H125: Возврат материалов | K125: 206 | L125: 20 | M125: 3 | O125: 2 | P125: =ROUND(Source!DL104,O125) -> 0 | W125: 0 | X125: 1 | Y125: 0 | Z125: 0 | AA125: 1 | AB125: 0
A126: 50 | B126: 0 | C126: 0 | D126: 1 | E126: 207 | F126: =Source!U104 -> 0 | G126: ТрудСтр | H126: Трудозатраты строителей | K126: 207 | L126: 21 | M126: 3 | O126: -1 | P126: =Source!DM104 -> 0 | W126: 0 | X126: 1 | Y126: 0 | Z126: 0 | AA126: 1 | AB126: 0
A127: 50 | B127: 0 | C127: 0 | D127: 1 | E127: 208 | F127: =Source!V104 -> 0 | G127: ТрудМаш | H127: Трудозатраты машинистов | K127: 208 | L127: 22 | M127: 3 | O127: -1 | P127: =Source!DN104 -> 0 | W127: 0 | X127: 1 | Y127: 0 | Z127: 0 | AA127: 1 | AB127: 0
...

Sheet SourceObSm
A1: 0 | B1: Smeta.RU (495) 974-1589 | D1: _OBSM_ | F1: 0 | G1: 0 | H1: 0 | I1: Smeta.RU | K1: 1 | L1: 76812 | M1: 10 | N1: 12 | O1: 2 | P1: 0 | Q1: 1
A4: 8 | B4: 1 | C4: -1 | F4: 25МГ-ДПР-2750 | G4: 25МГ-ДПР-2750 — Реконструкция газопровода низкого давления | EC4: 0
A12: 1 | B12: 51 | C12: 0 | E12: 0 | F12: СР-09-02 | G12: Перевозка и приём порубочных остатков | I12: 0 | J12: Том 6.2 ООС2, Том 6.3 ООС3 (18.09) | K12: 0 | L12: 0 | M12: 2 | O12: 2026 | P12: 7 | Q12: 0 | R12: 0 | S12: 0 | T12: 1 | U12: Основание:Том 6.2 ООС2, Том 6.3 ООС3 (18.09) Уровень цен:3 кв 2026 Нормативные индексы ТСН:№ 221 III квартал 2026 Регион:ТСН-2001 г. Москвы (с доп.1-82) | V12: 9 | BB12: 0 | BH12: Сметные нормы списания | BI12: Коды ОКП для ТСН-2001 МГЭ | BJ12: 1 | BK12: 1 | BL12: 0 | BM12: 0 | BN12: 1 | BO12: 0 | BP12: -1 | BQ12: 2 | BR12: 1 | BS12: 0 | BT12: 0 | BU12: 0 | BV12: 0 | BW12: 0 | BX12: 0 | BZ12: Типовой расчет для ТСН-2001 МГЭ, Новая методика с выпуска доп. 43 (Строительство), Доп 64 | CA12: Территориальные сметные нормативы для Москвы ТСН-2001 (МГЭ) | CB12: Территориальные сметные нормативы для Москвы ТСН-2001 (МГЭ) | CC12: Территориальные сметные нормативы для Москвы ТСН-2001 (МГЭ) | CD12: Территориальные сметные нормативы для Москвы ТСН-2001 (МГЭ) | CE12: Поправки для ТСН-2001 от 15.07.2022 г. доп.65 | CF12: 0 | CG12: 0 | CH12: 524296 | CK12: 82 | CQ12: Территориальные сметные нормативы для Москвы (ТСН-2001) | CR12: ТЕР | CS12: 41660 | CT12: 1 | CU12: 72 | CY12: 0 | EC12: 0
A14: 22 | B14: 1 | C14: 0 | D14: 86514064 | E14: 86514065 | F14: 2 | G14: 1
A16: 3 | B16: 1 | C16: СР-09-02 | D16: Перевозка и приём порубочных остатков | E16: =ROUND((Source!F120)/1000,2) -> 0 | F16: =ROUND((Source!F122)/1000,2) -> 0 | G16: =ROUND((Source!F113)/1000,2) -> 0 | H16: =ROUND((Source!F123)/1000+(Source!F124)/1000,2) -> 2.76 | I16: =E16+F16+G16+H16 -> 2.76 | J16: =ROUND((Source!F119+Source!F118)/1000,2) -> 0 | K16: 2.76 | L16: 0 | M16: 0 | N16: =I16+L16+M16 -> 2.76 | T16: =ROUND((Source!P120)/1000,2) -> 0 | U16: =ROUND((Source!P122)/1000,2) -> 0 | V16: =ROUND((Source!P113)/1000,2) -> 0 | W16: =ROUND((Source!P123)/1000+(Source!P124)/1000,2) -> 39.61 | X16: =T16+U16+V16+W16 -> 39.61 | Y16: =ROUND((Source!P119+Source!P118)/1000,2) -> 0 | Z16: 39.61 | AA16: 0 | AB16: 0 | AC16: =X16+AA16+AB16 -> 39.61 | AI16: 9 | AJ16: 0 | AK16: Перевозка и приём порубочных остатков | AN16: 0 | AT16: 2757.05 | AU16: 0 | AV16: 0 | AW16: 0 | AX16: 0 | AY16: 2757.05 | AZ16: 0 | BA16: 0 | BB16: 0 | BC16: 0 | BD16: 2757.05 | BE16: 0 | BF16: 0 | BG16: 0 | BH16: 0 | BI16: 0 | BJ16: 0 | BK16: 2757.05 | BR16: 39613.84 | BS16: 0 | BT16: 0 | BU16: 0 | BV16: 0 | BW16: 39613.84 | BX16: 0 | BY16: 0 | BZ16: 0 | CA16: 0 | CB16: 39613.84 | CC16: 0 | CD16: 0 | CE16: 0 | CF16: 0 | CG16: 0 | CH16: 0 | CI16: 39613.84
A18: 51 | E18: 0 | F18: 0 | G18: 0 | H18: 2.76 | I18: 2.76 | J18: 0 | K18: 2.76 | L18: 0 | M18: 0 | N18: 2.76 | T18: 0 | U18: 0 | V18: 0 | W18: 39.61 | X18: 39.61 | Y18: 0 | Z18: 39.61 | AA18: 0 | AB18: 0 | AC18: 39.61
A20: 50 | B20: 0 | C20: 0 | D20: 1 | E20: 201 | F20: 2757.05 | G20: ПЗ | H20: Прямые затраты | K20: 201 | L20: 1 | M20: 3 | O20: 2 | P20: 39613.84
A21: 50 | B21: 0 | C21: 0 | D21: 1 | E21: 202 | F21: 0 | G21: СтМатОб | H21: Стоимость материальных ресурсов (всего) | K21: 202 | L21: 2 | M21: 3 | O21: 2 | P21: 0
A22: 50 | B22: 0 | C22: 0 | D22: 1 | E22: 222 | F22: 0 | G22: СтМатОбЗак | H22: Стоимость материалов и оборудования заказчика | K22: 222 | L22: 3 | M22: 3 | O22: 2 | P22: 0
A23: 50 | B23: 0 | C23: 0 | D23: 1 | E23: 225 | F23: 0 | G23: СтМатОбПод | H23: Стоимость материалов и оборудования подрядчика | K23: 225 | L23: 4 | M23: 3 | O23: 2 | P23: 0
A24: 50 | B24: 0 | C24: 0 | D24: 1 | E24: 226 | F24: 0 | G24: СтМат | H24: Стоимость материалов (всего) | K24: 226 | L24: 5 | M24: 3 | O24: 2 | P24: 0
A25: 50 | B25: 0 | C25: 0 | D25: 1 | E25: 227 | F25: 0 | G25: СтМатЗак | H25: Стоимость материалов заказчика | K25: 227 | L25: 6 | M25: 3 | O25: 2 | P25: 0
A26: 50 | B26: 0 | C26: 0 | D26: 1 | E26: 228 | F26: 0 | G26: СтМатПод | H26: Стоимость материалов подрядчика | K26: 228 | L26: 7 | M26: 3 | O26: 2 | P26: 0
A27: 50 | B27: 0 | C27: 0 | D27: 1 | E27: 216 | F27: 0 | G27: Оборуд | H27: Стоимость оборудования (всего) | K27: 216 | L27: 8 | M27: 3 | O27: 2 | P27: 0
A28: 50 | B28: 0 | C28: 0 | D28: 1 | E28: 223 | F28: 0 | G28: ОборудЗак | H28: Стоимость оборудования заказчика | K28: 223 | L28: 9 | M28: 3 | O28: 2 | P28: 0
A29: 50 | B29: 0 | C29: 0 | D29: 1 | E29: 229 | F29: 0 | G29: ОборудПод | H29: Стоимость оборудования подрядчика | K29: 229 | L29: 10 | M29: 3 | O29: 2 | P29: 0
A30: 50 | B30: 0 | C30: 0 | D30: 1 | E30: 203 | F30: 2757.05 | G30: ЭММ | H30: Эксплуатация машин | K30: 203 | L30: 11 | M30: 3 | O30: 2 | P30: 39613.84
A31: 50 | B31: 0 | C31: 0 | D31: 1 | E31: 231 | F31: 0 | G31: ЭММсНРиСП | H31: Эксплуатация машин по ТСН-2001.16 | K31: 231 | L31: 12 | M31: 3 | O31: 2 | P31: 0
... A46: 50 | B46: 0 | C46: 0 | D46: 1 | E46: 224 | F46: 2757.05 | G46: Всего | H46: Всего с НР и СП | K46: 224 | L46: 27 | M46: 3 | O46: 2 | P46: 39613.84
A48: -1
A51: 75 | B51: Базовые уровень цен | C51: 2000 | D51: 0 | E51: 1 | G51: 0 | H51: 1 | I51: 1 | J51: 3 | K51: 0 | L51: 0 | M51: 0 | N51: 86514064 | O51: 1
A52: 75 | B52: Текущий уровень цен, III квартал 2026, выпуск 221 | C52: 2026 | D52: 0 | E52: 7 | G52: 0 | H52: 2 | I52: 1 | J52: 3 | K52: 0 | L52: 0 | M52: 1 | N52: 86514065 | O52: 2

Sheet SmtRes
A1: =ROW(Source!A28) -> 28 | B1: 86514064 | C1: 86514066 | D1: 0 | E1: 1 | F1: 1 | G1: 30515945 | H1: 2 | I1: 2.999-0-0 | K1: Прочие машины | L1: 1344 | N1: 1008 | O1: руб. | P1: руб. | Q1: 1 | W1: 0 | X1: 422977256 | Y1: =AT1 -> 38.08 | AA1: 0 | AB1: 1.5 | AC1: 0 | AD1: 0 | AE1: 0 | AF1: 1.5 | AG1: 0 | AH1: 0 | AI1: 1 | AJ1: 1 | AK1: 1 | AL1: 1 | AM1: 0 | AN1: 0 | AO1: 1 | AP1: 0 | AQ1: 0 | AR1: 0 | AT1: 38.08 | AV1: 0 | AW1: 2 | AX1: 86514068 | AY1: 1 | AZ1: 6144 | BA1: 1 | BB1: 0 | BC1: 0 | BD1: 0 | BE1: 0 | BF1: 0 | BG1: 0 | BH1: 0 | BI1: 0 | BJ1: 0 | BK1: 0 | BL1: 0 | BM1: 0 | BN1: 0 | BO1: 0 | BP1: 0 | BQ1: 0 | BR1: 0 | BS1: 0 | BT1: 0 | BU1: 0 | BV1: 0 | BW1: 0 | CV1: 0 | CW1: =ROUND(AT1*Source!I28*DO1,9) -> 0 | CX1: =ROUND(Y1*Source!I28,9) -> 973.7056 | CY1: =AB1 -> 1.5 | CZ1: =AF1 -> 1.5 | DA1: =AJ1 -> 1 | DB1: =ROUND(AT1*CZ1,2) -> 57.12 | DC1: =ROUND(AT1*AG1,2) -> 0 | DF1: =ROUND(ROUND(AE1,2)*CX1,2) -> 0 | DG1: =ROUND(ROUND(AF1,2)*CX1,2) -> 1460.56 | DH1: =ROUND(ROUND(AG1,2)*ROUND(AT1*Source!I28,9),2) -> 0 | DI1: =ROUND(ROUND(AH1,2)*CX1,2) -> 0 | DJ1: =DG1 -> 1460.56 | DK1: 0 | DM1: 0 | DO1: 0
A2: =ROW(Source!A29) -> 29 | B2: 86514065 | C2: 86514066 | D2: 0 | E2: 1 | F2: 1 | G2: 30515945 | H2: 2 | I2: 2.999-0-0 | K2: Прочие машины | L2: 1344 | N2: 1008 | O2: руб. | P2: руб. | Q2: 1 | W2: 0 | X2: 422977256 | Y2: =AT2 -> 38.08 | AA2: 0 | AB2: 1.5 | AC2: 0 | AD2: 0 | AE2: 0 | AF2: 1.5 | AG2: 0 | AH2: 0 | AI2: 1 | AJ2: 1 | AK2: 1 | AL2: 1 | AM2: 0 | AN2: 0 | AO2: 1 | AP2: 0 | AQ2: 0 | AR2: 0 | AT2: 38.08 | AV2: 0 | AW2: 2 | AX2: 86514068 | AY2: 1 | AZ2: 6144 | BA2: 2 | BB2: 0 | BC2: 0 | BD2: 0 | BE2: 0 | BF2: 0 | BG2: 0 | BH2: 0 | BI2: 0 | BJ2: 0 | BK2: 0 | BL2: 0 | BM2: 0 | BN2: 0 | BO2: 0 | BP2: 0 | BQ2: 0 | BR2: 0 | BS2: 0 | BT2: 0 | BU2: 0 | BV2: 0 | BW2: 0 | CV2: 0 | CW2: =ROUND(AT2*Source!I29*DO2,9) -> 0 | CX2: =ROUND(Y2*Source!I29,9) -> 973.7056 | CY2: =AB2 -> 1.5 | CZ2: =AF2 -> 1.5 | DA2: =AJ2 -> 1 | DB2: =ROUND(AT2*CZ2,2) -> 57.12 | DC2: =ROUND(AT2*AG2,2) -> 0 | DF2: =ROUND(ROUND(AE2,2)*CX2,2) -> 0 | DG2: =ROUND(ROUND(AF2,2)*CX2,2) -> 1460.56 | DH2: =ROUND(ROUND(AG2,2)*ROUND(AT2*Source!I29,9),2) -> 0 | DI2: =ROUND(ROUND(AH2,2)*CX2,2) -> 0 | DJ2: =DG2 -> 1460.56 | DK2: 0 | DM2: 0 | DO2: 0
A3: =ROW(Source!A30) -> 30 | B3: 86514064 | C3: 86514069 | D3: 0 | E3: 1 | F3: 1 | G3: 30515945 | H3: 2 | I3: 2.999-0-0 | K3: Прочие машины | L3: 1344 | N3: 1008 | O3: руб. | P3: руб. | Q3: 1 | W3: 0 | X3: 422977256 | Y3: =AT3 -> 94.47 | AA3: 0 | AB3: 1 | AC3: 0 | AD3: 0 | AE3: 0 | AF3: 1 | AG3: 0 | AH3: 0 | AI3: 1 | AJ3: 1 | AK3: 1 | AL3: 1 | AM3: 0 | AN3: 0 | AO3: 1 | AP3: 0 | AQ3: 0 | AR3: 0 | AT3: 94.47 | AV3: 0 | AW3: 2 | AX3: 86514071 | AY3: 1 | AZ3: 0 | BA3: 3 | BB3: 0 | BC3: 0 | BD3: 0 | BE3: 0 | BF3: 0 | BG3: 0 | BH3: 0 | BI3: 0 | BJ3: 0 | BK3: 0 | BL3: 0 | BM3: 0 | BN3: 0 | BO3: 0 | BP3: 0 | BQ3: 0 | BR3: 0 | BS3: 0 | BT3: 0 | BU3: 0 | BV3: 0 | BW3: 0 | CV3: 0 | CW3: =ROUND(AT3*Source!I30*DO3,9) -> 0 | CX3: =ROUND(Y3*Source!I30,9) -> 181.3824 | CY3: =AB3 -> 1 | CZ3: =AF3 -> 1 | DA3: =AJ3 -> 1 | DB3: =ROUND(AT3*CZ3,2) -> 94.47 | DC3: =ROUND(AT3*AG3,2) -> 0 | DF3: =ROUND(ROUND(AE3,2)*CX3,2) -> 0 | DG3: =ROUND(ROUND(AF3,2)*CX3,2) -> 181.38 | DH3: =ROUND(ROUND(AG3,2)*ROUND(AT3*Source!I30,9),2) -> 0 | DI3: =ROUND(ROUND(AH3,2)*CX3,2) -> 0 | DJ3: =DG3 -> 181.38 | DK3: 0 | DM3: 0 | DO3: 0
A4: =ROW(Source!A31) -> 31 | B4: 86514065 | C4: 86514069 | D4: 0 | E4: 1 | F4: 1 | G4: 30515945 | H4: 2 | I4: 2.999-0-0 | K4: Прочие машины | L4: 1344 | N4: 1008 | O4: руб. | P4: руб. | Q4: 1 | W4: 0 | X4: 422977256 | Y4: =AT4 -> 94.47 | AA4: 0 | AB4: 1 | AC4: 0 | AD4: 0 | AE4: 0 | AF4: 1 | AG4: 0 | AH4: 0 | AI4: 1 | AJ4: 1 | AK4: 1 | AL4: 1 | AM4: 0 | AN4: 0 | AO4: 1 | AP4: 0 | AQ4: 0 | AR4: 0 | AT4: 94.47 | AV4: 0 | AW4: 2 | AX4: 86514071 | AY4: 1 | AZ4: 0 | BA4: 4 | BB4: 0 | BC4: 0 | BD4: 0 | BE4: 0 | BF4: 0 | BG4: 0 | BH4: 0 | BI4: 0 | BJ4: 0 | BK4: 0 | BL4: 0 | BM4: 0 | BN4: 0 | BO4: 0 | BP4: 0 | BQ4: 0 | BR4: 0 | BS4: 0 | BT4: 0 | BU4: 0 | BV4: 0 | BW4: 0 | CV4: 0 | CW4: =ROUND(AT4*Source!I31*DO4,9) -> 0 | CX4: =ROUND(Y4*Source!I31,9) -> 181.3824 | CY4: =AB4 -> 1 | CZ4: =AF4 -> 1 | DA4: =AJ4 -> 1 | DB4: =ROUND(AT4*CZ4,2) -> 94.47 | DC4: =ROUND(AT4*AG4,2) -> 0 | DF4: =ROUND(ROUND(AE4,2)*CX4,2) -> 0 | DG4: =ROUND(ROUND(AF4,2)*CX4,2) -> 181.38 | DH4: =ROUND(ROUND(AG4,2)*ROUND(AT4*Source!I31,9),2) -> 0 | DI4: =ROUND(ROUND(AH4,2)*CX4,2) -> 0 | DJ4: =DG4 -> 181.38 | DK4: 0 | DM4: 0 | DO4: 0
A5: =ROW(Source!A32) -> 32 | B5: 86514064 | C5: 86514072 | D5: 0 | E5: 1 | F5: 1 | G5: 30515945 | H5: 2 | I5: 2.999-0-0 | K5: Прочие машины | L5: 1344 | N5: 1008 | O5: руб. | P5: руб. | Q5: 1 | W5: 0 | X5: 422977256 | Y5: =AT5 -> 29.07 | AA5: 0 | AB5: 1 | AC5: 0 | AD5: 0 | AE5: 0 | AF5: 1 | AG5: 0 | AH5: 0 | AI5: 1 | AJ5: 1 | AK5: 1 | AL5: 1 | AM5: 0 | AN5: 0 | AO5: 1 | AP5: 0 | AQ5: 0 | AR5: 0 | AT5: 29.07 | AV5: 0 | AW5: 2 | AX5: 86514074 | AY5: 1 | AZ5: 0 | BA5: 5 | BB5: 0 | BC5: 0 | BD5: 0 | BE5: 0 | BF5: 0 | BG5: 0 | BH5: 0 | BI5: 0 | BJ5: 0 | BK5: 0 | BL5: 0 | BM5: 0 | BN5: 0 | BO5: 0 | BP5: 0 | BQ5: 0 | BR5: 0 | BS5: 0 | BT5: 0 | BU5: 0 | BV5: 0 | BW5: 0 | CV5: 0 | CW5: =ROUND(AT5*Source!I32*DO5,9) -> 0 | CX5: =ROUND(Y5*Source!I32,9) -> 687.5055 | CY5: =AB5 -> 1 | CZ5: =AF5 -> 1 | DA5: =AJ5 -> 1 | DB5: =ROUND(AT5*CZ5,2) -> 29.07 | DC5: =ROUND(AT5*AG5,2) -> 0 | DF5: =ROUND(ROUND(AE5,2)*CX5,2) -> 0 | DG5: =ROUND(ROUND(AF5,2)*CX5,2) -> 687.51 | DH5: =ROUND(ROUND(AG5,2)*ROUND(AT5*Source!I32,9),2) -> 0 | DI5: =ROUND(ROUND(AH5,2)*CX5,2) -> 0 | DJ5: =DG5 -> 687.51 | DK5: 0 | DM5: 0 | DO5: 0
A6: =ROW(Source!A33) -> 33 | B6: 86514065 | C6: 86514072 | D6: 0 | E6: 1 | F6: 1 | G6: 30515945 | H6: 2 | I6: 2.999-0-0 | K6: Прочие машины | L6: 1344 | N6: 1008 | O6: руб. | P6: руб. | Q6: 1 | W6: 0 | X6: 422977256 | Y6: =AT6 -> 29.07 | AA6: 0 | AB6: 1 | AC6: 0 | AD6: 0 | AE6: 0 | AF6: 1 | AG6: 0 | AH6: 0 | AI6: 1 | AJ6: 1 | AK6: 1 | AL6: 1 | AM6: 0 | AN6: 0 | AO6: 1 | AP6: 0 | AQ6: 0 | AR6: 0 | AT6: 29.07 | AV6: 0 | AW6: 2 | AX6: 86514074 | AY6: 1 | AZ6: 0 | BA6: 6 | BB6: 0 | BC6: 0 | BD6: 0 | BE6: 0 | BF6: 0 | BG6: 0 | BH6: 0 | BI6: 0 | BJ6: 0 | BK6: 0 | BL6: 0 | BM6: 0 | BN6: 0 | BO6: 0 | BP6: 0 | BQ6: 0 | BR6: 0 | BS6: 0 | BT6: 0 | BU6: 0 | BV6: 0 | BW6: 0 | CV6: 0 | CW6: =ROUND(AT6*Source!I33*DO6,9) -> 0 | CX6: =ROUND(Y6*Source!I33,9) -> 687.5055 | CY6: =AB6 -> 1 | CZ6: =AF6 -> 1 | DA6: =AJ6 -> 1 | DB6: =ROUND(AT6*CZ6,2) -> 29.07 | DC6: =ROUND(AT6*AG6,2) -> 0 | DF6: =ROUND(ROUND(AE6,2)*CX6,2) -> 0 | DG6: =ROUND(ROUND(AF6,2)*CX6,2) -> 687.51 | DH6: =ROUND(ROUND(AG6,2)*ROUND(AT6*Source!I33,9),2) -> 0 | DI6: =ROUND(ROUND(AH6,2)*CX6,2) -> 0 | DJ6: =DG6 -> 687.51 | DK6: 0 | DM6: 0 | DO6: 0
A7: =ROW(Source!A69) -> 69 | B7: 86514064 | C7: 86514075 | D7: 0 | E7: 1 | F7: 1 | G7: 30515945 | H7: 2 | I7: 2.999-0-0 | K7: Прочие машины | L7: 1344 | N7: 1008 | O7: руб. | P7: руб. | Q7: 1 | W7: 0 | X7: 422977256 | Y7: =AT7 -> 38.08 | AA7: 0 | AB7: 1 | AC7: 0 | AD7: 0 | AE7: 0 | AF7: 1 | AG7: 0 | AH7: 0 | AI7: 1 | AJ7: 1 | AK7: 1 | AL7: 1 | AM7: 0 | AN7: 0 | AO7: 1 | AP7: 0 | AQ7: 0 | AR7: 0 | AT7: 38.08 | AV7: 0 | AW7: 2 | AX7: 86514077 | AY7: 1 | AZ7: 0 | BA7: 7 | BB7: 0 | BC7: 0 | BD7: 0 | BE7: 0 | BF7: 0 | BG7: 0 | BH7: 0 | BI7: 0 | BJ7: 0 | BK7: 0 | BL7: 0 | BM7: 0 | BN7: 0 | BO7: 0 | BP7: 0 | BQ7: 0 | BR7: 0 | BS7: 0 | BT7: 0 | BU7: 0 | BV7: 0 | BW7: 0 | CV7: 0 | CW7: =ROUND(AT7*Source!I69*DO7,9) -> 0 | CX7: =ROUND(Y7*Source!I69,9) -> 127.568 | CY7: =AB7 -> 1 | CZ7: =AF7 -> 1 | DA7: =AJ7 -> 1 | DB7: =ROUND(AT7*CZ7,2) -> 38.08 | DC7: =ROUND(AT7*AG7,2) -> 0 | DF7: =ROUND(ROUND(AE7,2)*CX7,2) -> 0 | DG7: =ROUND(ROUND(AF7,2)*CX7,2) -> 127.57 | DH7: =ROUND(ROUND(AG7,2)*ROUND(AT7*Source!I69,9),2) -> 0 | DI7: =ROUND(ROUND(AH7,2)*CX7,2) -> 0 | DJ7: =DG7 -> 127.57 | DK7: 0 | DM7: 0 | DO7: 0
A8: =ROW(Source!A70) -> 70 | B8: 86514065 | C8: 86514075 | D8: 0 | E8: 1 | F8: 1 | G8: 30515945 | H8: 2 | I8: 2.999-0-0 | K8: Прочие машины | L8: 1344 | N8: 1008 | O8: руб. | P8: руб. | Q8: 1 | W8: 0 | X8: 422977256 | Y8: =AT8 -> 38.08 | AA8: 0 | AB8: 1 | AC8: 0 | AD8: 0 | AE8: 0 | AF8: 1 | AG8: 0 | AH8: 0 | AI8: 1 | AJ8: 1 | AK8: 1 | AL8: 1 | AM8: 0 | AN8: 0 | AO8: 1 | AP8: 0 | AQ8: 0 | AR8: 0 | AT8: 38.08 | AV8: 0 | AW8: 2 | AX8: 86514077 | AY8: 1 | AZ8: 0 | BA8: 8 | BB8: 0 | BC8: 0 | BD8: 0 | BE8: 0 | BF8: 0 | BG8: 0 | BH8: 0 | BI8: 0 | BJ8: 0 | BK8: 0 | BL8: 0 | BM8: 0 | BN8: 0 | BO8: 0 | BP8: 0 | BQ8: 0 | BR8: 0 | BS8: 0 | BT8: 0 | BU8: 0 | BV8: 0 | BW8: 0 | CV8: 0 | CW8: =ROUND(AT8*Source!I70*DO8,9) -> 0 | CX8: =ROUND(Y8*Source!I70,9) -> 127.568 | CY8: =AB8 -> 1 | CZ8: =AF8 -> 1 | DA8: =AJ8 -> 1 | DB8: =ROUND(AT8*CZ8,2) -> 38.08 | DC8: =ROUND(AT8*AG8,2) -> 0 | DF8: =ROUND(ROUND(AE8,2)*CX8,2) -> 0 | DG8: =ROUND(ROUND(AF8,2)*CX8,2) -> 127.57 | DH8: =ROUND(ROUND(AG8,2)*ROUND(AT8*Source!I70,9),2) -> 0 | DI8: =ROUND(ROUND(AH8,2)*CX8,2) -> 0 | DJ8: =DG8 -> 127.57 | DK8: 0 | DM8: 0 | DO8: 0
A9: =ROW(Source!A71) -> 71 | B9: 86514064 | C9: 86514078 | D9: 0 | E9: 1 | F9: 1 | G9: 30515945 | H9: 2 | I9: 2.999-0-0 | K9: Прочие машины | L9: 1344 | N9: 1008 | O9: руб. | P9: руб. | Q9: 1 | W9: 0 | X9: 422977256 | Y9: =AT9 -> 89.56 | AA9: 0 | AB9: 1 | AC9: 0 | AD9: 0 | AE9: 0 | AF9: 1 | AG9: 0 | AH9: 0 | AI9: 1 | AJ9: 1 | AK9: 1 | AL9: 1 | AM9: 0 | AN9: 0 | AO9: 1 | AP9: 0 | AQ9: 0 | AR9: 0 | AT9: 89.56 | AV9: 0 | AW9: 2 | AX9: 86514080 | AY9: 1 | AZ9: 0 | BA9: 9 | BB9: 0 | BC9: 0 | BD9: 0 | BE9: 0 | BF9: 0 | BG9: 0 | BH9: 0 | BI9: 0 | BJ9: 0 | BK9: 0 | BL9: 0 | BM9: 0 | BN9: 0 | BO9: 0 | BP9: 0 | BQ9: 0 | BR9: 0 | BS9: 0 | BT9: 0 | BU9: 0 | BV9: 0 | BW9: 0 | CV9: 0 | CW9: =ROUND(AT9*Source!I71*DO9,9) -> 0 | CX9: =ROUND(Y9*Source!I71,9) -> 300.026 | CY9: =AB9 -> 1 | CZ9: =AF9 -> 1 | DA9: =AJ9 -> 1 | DB9: =ROUND(AT9*CZ9,2) -> 89.56 | DC9: =ROUND(AT9*AG9,2) -> 0 | DF9: =ROUND(ROUND(AE9,2)*CX9,2) -> 0 | DG9: =ROUND(ROUND(AF9,2)*CX9,2) -> 300.03 | DH9: =ROUND(ROUND(AG9,2)*ROUND(AT9*Source!I71,9),2) -> 0 | DI9: =ROUND(ROUND(AH9,2)*CX9,2) -> 0 | DJ9: =DG9 -> 300.03 | DK9: 0 | DM9: 0 | DO9: 0
A10: =ROW(Source!A72) -> 72 | B10: 86514065 | C10: 86514078 | D10: 0 | E10: 1 | F10: 1 | G10: 30515945 | H10: 2 | I10: 2.999-0-0 | K10: Прочие машины | L10: 1344 | N10: 1008 | O10: руб. | P10: руб. | Q10: 1 | W10: 0 | X10: 422977256 | Y10: =AT10 -> 89.56 | AA10: 0 | AB10: 1 | AC10: 0 | AD10: 0 | AE10: 0 | AF10: 1 | AG10: 0 | AH10: 0 | AI10: 1 | AJ10: 1 | AK10: 1 | AL10: 1 | AM10: 0 | AN10: 0 | AO10: 1 | AP10: 0 | AQ10: 0 | AR10: 0 | AT10: 89.56 | AV10: 0 | AW10: 2 | AX10: 86514080 | AY10: 1 | AZ10: 0 | BA10: 10 | BB10: 0 | BC10: 0 | BD10: 0 | BE10: 0 | BF10: 0 | BG10: 0 | BH10: 0 | BI10: 0 | BJ10: 0 | BK10: 0 | BL10: 0 | BM10: 0 | BN10: 0 | BO10: 0 | BP10: 0 | BQ10: 0 | BR10: 0 | BS10: 0 | BT10: 0 | BU10: 0 | BV10: 0 | BW10: 0 | CV10: 0 | CW10: =ROUND(AT10*Source!I72*DO10,9) -> 0 | CX10: =ROUND(Y10*Source!I72,9) -> 300.026 | CY10: =AB10 -> 1 | CZ10: =AF10 -> 1 | DA10: =AJ10 -> 1 | DB10: =ROUND(AT10*CZ10,2) -> 89.56 | DC10: =ROUND(AT10*AG10,2) -> 0 | DF10: =ROUND(ROUND(AE10,2)*CX10,2) -> 0 | DG10: =ROUND(ROUND(AF10,2)*CX10,2) -> 300.03 | DH10: =ROUND(ROUND(AG10,2)*ROUND(AT10*Source!I72,9),2) -> 0 | DI10: =ROUND(ROUND(AH10,2)*CX10,2) -> 0 | DJ10: =DG10 -> 300.03 | DK10: 0 | DM10: 0 | DO10: 0

Sheet EtalonRes
A1: =ROW(Source!A28) -> 28 | B1: 86514068 | C1: 86514066 | D1: 0 | E1: 1 | F1: 1 | G1: 30515945 | H1: 2 | I1: 2.999-0-0 | K1: Прочие машины | L1: 1344 | N1: 1008 | O1: руб. | P1: руб. | Q1: 1 | X1: 128.52 | Y1: 0 | Z1: 1.5 | AA1: 0 | AB1: 0 | AC1: 0 | AD1: 1 | AE1: 0 | AF1: *1,5 | AG1: 192.78 | AH1: 2 | AI1: 86514067 | AJ1: 1 | AK1: 0 | AL1: 0 | AM1: 0 | AN1: 0 | AO1: 0 | AP1: 0 | AQ1: 0 | AR1: 0
A2: =ROW(Source!A29) -> 29 | B2: 86514068 | C2: 86514066 | D2: 0 | E2: 1 | F2: 1 | G2: 30515945 | H2: 2 | I2: 2.999-0-0 | K2: Прочие машины | L2: 1344 | N2: 1008 | O2: руб. | P2: руб. | Q2: 1 | X2: 128.52 | Y2: 0 | Z2: 1.5 | AA2: 0 | AB2: 0 | AC2: 0 | AD2: 1 | AE2: 0 | AF2: *1,5 | AG2: 192.78 | AH2: 2 | AI2: 86514067 | AJ2: 2 | AK2: 0 | AL2: 0 | AM2: 0 | AN2: 0 | AO2: 0 | AP2: 0 | AQ2: 0 | AR2: 0
A3: =ROW(Source!A30) -> 30 | B3: 86514071 | C3: 86514069 | D3: 0 | E3: 1 | F3: 1 | G3: 30515945 | H3: 2 | I3: 2.999-0-0 | K3: Прочие машины | L3: 1344 | N3: 1008 | O3: руб. | P3: руб. | Q3: 1 | X3: 94.47 | Y3: 0 | Z3: 1 | AA3: 0 | AB3: 0 | AC3: 0 | AD3: 1 | AE3: 0 | AG3: 94.47 | AH3: 2 | AI3: 86514070 | AJ3: 3 | AK3: 0 | AL3: 0 | AM3: 0 | AN3: 0 | AO3: 0 | AP3: 0 | AQ3: 0 | AR3: 0
A4: =ROW(Source!A31) -> 31 | B4: 86514071 | C4: 86514069 | D4: 0 | E4: 1 | F4: 1 | G4: 30515945 | H4: 2 | I4: 2.999-0-0 | K4: Прочие машины | L4: 1344 | N4: 1008 | O4: руб. | P4: руб. | Q4: 1 | X4: 94.47 | Y4: 0 | Z4: 1 | AA4: 0 | AB4: 0 | AC4: 0 | AD4: 1 | AE4: 0 | AG4: 94.47 | AH4: 2 | AI4: 86514070 | AJ4: 4 | AK4: 0 | AL4: 0 | AM4: 0 | AN4: 0 | AO4: 0 | AP4: 0 | AQ4: 0 | AR4: 0
A5: =ROW(Source!A32) -> 32 | B5: 86514074 | C5: 86514072 | D5: 0 | E5: 1 | F5: 1 | G5: 30515945 | H5: 2 | I5: 2.999-0-0 | K5: Прочие машины | L5: 1344 | N5: 1008 | O5: руб. | P5: руб. | Q5: 1 | X5: 29.07 | Y5: 0 | Z5: 1 | AA5: 0 | AB5: 0 | AC5: 0 | AD5: 1 | AE5: 0 | AG5: 29.07 | AH5: 2 | AI5: 86514073 | AJ5: 5 | AK5: 0 | AL5: 0 | AM5: 0 | AN5: 0 | AO5: 0 | AP5: 0 | AQ5: 0 | AR5: 0
A6: =ROW(Source!A33) -> 33 | B6: 86514074 | C6: 86514072 | D6: 0 | E6: 1 | F6: 1 | G6: 30515945 | H6: 2 | I6: 2.999-0-0 | K6: Прочие машины | L6: 1344 | N6: 1008 | O6: руб. | P6: руб. | Q6: 1 | X6: 29.07 | Y6: 0 | Z6: 1 | AA6: 0 | AB6: 0 | AC6: 0 | AD6: 1 | AE6: 0 | AG6: 29.07 | AH6: 2 | AI6: 86514073 | AJ6: 6 | AK6: 0 | AL6: 0 | AM6: 0 | AN6: 0 | AO6: 0 | AP6: 0 | AQ6: 0 | AR6: 0
A7: =ROW(Source!A69) -> 69 | B7: 86514077 | C7: 86514075 | D7: 0 | E7: 1 | F7: 1 | G7: 30515945 | H7: 2 | I7: 2.999-0-0 | K7: Прочие машины | L7: 1344 | N7: 1008 | O7: руб. | P7: руб. | Q7: 1 | X7: 38.08 | Y7: 0 | Z7: 1 | AA7: 0 | AB7: 0 | AC7: 0 | AD7: 1 | AE7: 0 | AG7: 38.08 | AH7: 2 | AI7: 86514076 | AJ7: 7 | AK7: 0 | AL7: 0 | AM7: 0 | AN7: 0 | AO7: 0 | AP7: 0 | AQ7: 0 | AR7: 0
A8: =ROW(Source!A70) -> 70 | B8: 86514077 | C8: 86514075 | D8: 0 | E8: 1 | F8: 1 | G8: 30515945 | H8: 2 | I8: 2.999-0-0 | K8: Прочие машины | L8: 1344 | N8: 1008 | O8: руб. | P8: руб. | Q8: 1 | X8: 38.08 | Y8: 0 | Z8: 1 | AA8: 0 | AB8: 0 | AC8: 0 | AD8: 1 | AE8: 0 | AG8: 38.08 | AH8: 2 | AI8: 86514076 | AJ8: 8 | AK8: 0 | AL8: 0 | AM8: 0 | AN8: 0 | AO8: 0 | AP8: 0 | AQ8: 0 | AR8: 0
A9: =ROW(Source!A71) -> 71 | B9: 86514080 | C9: 86514078 | D9: 0 | E9: 1 | F9: 1 | G9: 30515945 | H9: 2 | I9: 2.999-0-0 | K9: Прочие машины | L9: 1344 | N9: 1008 | O9: руб. | P9: руб. | Q9: 1 | X9: 89.56 | Y9: 0 | Z9: 1 | AA9: 0 | AB9: 0 | AC9: 0 | AD9: 1 | AE9: 0 | AG9: 89.56 | AH9: 2 | AI9: 86514079 | AJ9: 9 | AK9: 0 | AL9: 0 | AM9: 0 | AN9: 0 | AO9: 0 | AP9: 0 | AQ9: 0 | AR9: 0
A10: =ROW(Source!A72) -> 72 | B10: 86514080 | C10: 86514078 | D10: 0 | E10: 1 | F10: 1 | G10: 30515945 | H10: 2 | I10: 2.999-0-0 | K10: Прочие машины | L10: 1344 | N10: 1008 | O10: руб. | P10: руб. | Q10: 1 | X10: 89.56 | Y10: 0 | Z10: 1 | AA10: 0 | AB10: 0 | AC10: 0 | AD10: 1 | AE10: 0 | AG10: 89.56 | AH10: 2 | AI10: 86514079 | AJ10: 10 | AK10: 0 | AL10: 0 | AM10: 0 | AN10: 0 | AO10: 0 | AP10: 0 | AQ10: 0 | AR10: 0

Sheet SrcPoprs

Sheet SrcKA
A1: 0 | B1: Smeta.RU (495) 974-1589 | D1: _PS_ | F1: 0 | G1: 0 | H1: 0 | I1: Smeta.RU | K1: 1 | L1: 76812 | M1: 10 | N1: 12 | O1: 2 | P1: 0 | Q1: 1
F12: =Source!F12 -> СР-09-02 | G12: =Source!G12 -> Перевозка и приём порубочных остатков | AJ12: 0 | CY12: 0
